 Dungeon Crawl Stone Soup version 0.22-a0-392-g5dc3fd9 (webtiles) character file.

1001460 4thArraOfDagon the Executioner (level 27, -1/374 HPs)
             Began as a Deep Dwarf Wanderer on May 2, 2018.
             Was the Champion of Makhleb.
             Slain by Qalolen the pandemonium lord (3 damage)
             ... on level 14 of a ziggurat.
             The game lasted 03:42:55 (36802 turns).

4thArraOfDagon the Executioner (DDWn)              Turns: 36802, Time: 03:42:56

Health: -1/374     AC: 36    Str: 19    XL:     27
Magic:  43/58      EV: 19    Int: 31    God:    Makhleb [******]
Gold:   942        SH:  0    Dex: 15    Spells: 20/76 levels left

rFire    + . .     SeeInvis +   K - +9 executioner's axe "Orb Guardian's Doom" {vamp, SInv}
rCold    + . .     Gourm    .   (shield currently unavailable)
rNeg     + + +     Faith    .   (armour currently unavailable)
rPois    ∞         Spirit   .   w - -2 hat of the Alchemist {rElec rPois rF+ rC+ rN+ MR+ rMut rCorr}
rElec    +         Reflect  .   n - +2 cloak
rCorr    +         Harm     .   (gloves currently unavailable)
rMut     +                      (boots currently unavailable)
MR       +++++                  I - amulet of magic regeneration
Stlth    ++........             e - ring of the Mage {Wiz MR++ Int+3}
HPRegen  0.00/turn              B - ring "Timiefel" {MR+ MP+9 Int+3}
MPRegen  0.61/turn

@: mighty, statue-form, non-regenerating, hasted, studying Fighting, silenced
A: damage resistance, heal wounds, thin skeletal structure 1, deformed body,
high mp 1, negative energy resistance 1, sense surroundings 3, robust 1, weak 1,
wild magic 1, no regeneration
}: 6/15 runes: barnacled, slimy, silver, golden, abyssal, gossamer
a: Heal Wounds, End Transformation, Renounce Religion


You were on level 14 of a ziggurat.
You worshipped Makhleb.
Makhleb was exalted by your worship.
You were not hungry.
You were a stone statue.
You visited 13 branches of the dungeon, and saw 61 of its levels.
You visited the Abyss 3 times.
You visited 2 ziggurats (completing 1), and saw 41 of their levels.
You also visited: Trove, Bailey, Ice Cave and Wizlab.

You collected 6823 gold pieces.
You spent 5881 gold pieces at shops.

Inventory:

Hand Weapons
 K - the +9 executioner's axe "Orb Guardian's Doom" (weapon) {vamp, SInv}
   (You acquired it on level 2 of the Orcish Mines)

   It inflicts no extra harm, but heals its wielder when it wounds a living foe.
   It lets you see invisible.
Armour
 g - the +4 ring mail of Pessimism (melded) {*Drain rC++ rCorr Int+4}
   (You found it on level 13 of a ziggurat)

   It affects your intelligence (+4).
   It greatly protects you from cold.
   It protects you from acid and corrosion.
   It causes draining when unequipped.
 n - a +2 cloak (worn)
 w - the -2 hat of the Alchemist (worn) {rElec rPois rF+ rC+ rN+ MR+ rMut rCorr}
   (You found it on level 17 of a ziggurat)

   It protects you from fire.
   It protects you from cold.
   It insulates you from electricity.
   It protects you from poison.
   It protects you from negative energy.
   It affects your resistance to hostile enchantments.
   It protects you from acid and corrosion.
   It protects you from mutation.
 C - the +2 pair of gloves "Goifiz" (melded) {+Inv rF+ MR+}
   (You found it on level 20 of a ziggurat)

   It protects you from fire.
   It affects your resistance to hostile enchantments.
   It lets you turn invisible.
 D - the +2 pair of boots of the Desolation of Salt (melded) {MP+9 Int+4 SInv Stlth+}
   (You found it on level 9 of a ziggurat)

   It affects your intelligence (+4).
   It affects your magic capacity (+9).
   It lets you see invisible.
   It makes you more stealthy.
Magical Staves
 d - an uncursed staff of power {!a}
 i - an uncursed staff of energy {!a}
Jewellery
 e - the ring of the Mage (left hand) {Wiz MR++ Int+3}
   (You found it on level 5 of the Pits of Slime)

   [ring of wizardry]

   It improves your spell success rate.
   It affects your intelligence (+3).
   It affects your resistance to hostile enchantments.
 s - the ring "Hocsozosukh" {rC+ MP+9 Stlth+}
   (You found it on level 3 of the Crypt)

   [ring of magical power]

   It protects you from cold.
   It affects your magic capacity (+9).
   It makes you more stealthy.
 B - the ring "Timiefel" (right hand) {MR+ MP+9 Int+3}
   (You found it on level 22 of a ziggurat)

   [ring of magical power]

   It affects your intelligence (+3).
   It affects your resistance to hostile enchantments.
   It affects your magic capacity (+9).
 I - an amulet of magic regeneration (around neck)
 Q - the ring "Morphodix" {+Blink rF++ rN+ Str-2 Stlth-}
   (You found it on level 3 of a ziggurat)

   [ring of loudness]

   It affects your strength (-2).
   It greatly protects you from fire.
   It protects you from negative energy.
   It lets you blink.
   It makes you less stealthy.
 U - the amulet of the Four Winds {rN+ MR+++ Clar}
   (You found it on level 3 of the Tomb of the Ancients)

   [amulet of nothing]

   It protects you from negative energy.
   It affects your resistance to hostile enchantments.
   It protects you against confusion.
Wands
 b - a wand of iceblast (22)
 m - a wand of clouds (1)
 E - a wand of digging (23)
 S - a wand of acid (3)
 T - a wand of scattershot (25)
Scrolls
 h - 32 scrolls of fog
 k - 25 scrolls of remove curse
 o - 14 scrolls of holy word
 q - 36 scrolls of teleportation
 u - 8 scrolls of fear
 v - 10 scrolls of blinking
 A - 10 scrolls of amnesia
 O - 7 scrolls of immolation
 W - 4 scrolls of torment
 Y - 10 scrolls of magic mapping
Potions
 c - 3 potions of haste
 j - 7 potions of ambrosia
 p - 12 potions of agility
 r - 15 potions of curing
 t - 6 potions of berserk rage
 x - 6 potions of heal wounds
 z - 15 potions of flight
 F - 2 potions of cancellation
 L - 4 potions of magic
 M - 6 potions of might
 N - 5 potions of invisibility
 P - a potion of resistance
 R - 26 potions of mutation
 X - 3 potions of brilliance
Books
 V - a manual of Fighting
Miscellaneous
 l - a +1 figurine of a ziggurat
 y - 10 phantom mirrors
 G - a lamp of fire
 J - a lightning rod (4/4)
Comestibles
 f - 70 rations


   Skills:
 * Level 18.4 Fighting
 - Level 26.0 Axes
 - Level 1.0 Throwing
 - Level 20.1 Armour
 - Level 10.1 Dodging
 - Level 25.3 Spellcasting
 - Level 1.0 Charms
 - Level 10.0 Necromancy
 - Level 20.1 Translocations
 - Level 7.3 Transmutations
 - Level 22.5 Air Magic
 - Level 26.0 Earth Magic
 - Level 6.1 Invocations
 - Level 18.3 Evocations


You had 20 spell levels left.
You knew the following spells:

 Your Spells              Type           Power        Failure   Level  Hunger
a - Lee's Rapid Deconstr  Erth           ########..   1%          5    None
b - Apportation           Tloc           ######       1%          1    None
c - Necromutation         Tmut/Necr      #######...   50%         8    ###....
d - Statue Form           Tmut/Erth      ########.    1%          6    None
e - Shatter               Erth           ########..   1%          9    #####..
g - Controlled Blink      Tloc           N/A          1%          8    ###....
h - Death's Door          Chrm/Necr      #######...   89%         8    ###....
i - Tornado               Air            ########..   4%          9    #####..
j - Sublimation of Blood  Necr           #######...   1%          2    None


Dungeon Overview and Level Annotations

Branches:
Dungeon (15/15)            Temple (1/1) D:7            Lair (6/6) D:11
 Shoals (4/4) Lair:4       Spider (4/4) Lair:2        Slime (5/5) Lair:6
    Orc (2/2) D:10            Elf (3/3) Orc:2        Vaults (5/5) D:14
  Crypt (3/3) Vaults:3       Tomb (3/3) Crypt:3      Depths (5/5) D:15
    Zot (5/5) Depths:5

Altars:
Ashenzari
Elyvilon
Gozag
Hepliaklqana
Kikubaaqudgha
Makhleb
Nemelex Xobeh
Okawaru
Qazlal
Ru
Sif Muna
Trog
Vehumet
Yredelemnul
Zin
The Shining One
Jiyva

Shops:
D:8 !   D:15 ?[[?   Orc:2 }(}?   Elf:1 %:!:?   Elf:3 !   Vaults:1 [
Vaults:2 [   Vaults:5 :   Depths:2 }=}   Depths:5 [[*

Portals:
Hell: Depths:2 Depths:4 Depths:5
Abyss: Depths:4
Pandemonium: Depths:3

Annotations:
D:5 soark's ghost, amateur OpVM


Innate Abilities, Weirdness & Mutations

You are resistant to damage.
You can heal yourself by infusing magical energy.
You resist negative energy. (rN+)
You passively map a large area around you.
You do not regenerate.
You have a somewhat thin skeletal structure. (Dex +2, Stealth)
Armour fits poorly on your strangely shaped body.
You have an increased reservoir of magic. (+10% MP)
You are robust. (+10% HP)
You are weak. (Str -2)
Your spells are a little harder to cast, but a little more powerful.


Message History

Okay, then.
Unknown command.
You completely miss Vah Tant.
Vah Tant is almost dead.
You closely miss Omeovolu. You slash the redback!
You kill the redback!
The redback's corpse disappears in a puff of smoke!
You cut Gecun into ribbons!!! You slash Uzeng! You slice Qalolen!!
The shock serpent changes into a glowing shapeshifter!
Qalolen hits you but does no damage. Omeovolu completely misses you.
Vah Tant hits you but does no damage.
Gecun gestures.
Gecun's surroundings become eerily quiet.
Veoxtuatt gestures.
Uzeng hits you!
* * * LOW HITPOINT WARNING * * *
Qalolen hits you!!!
* * * LOW HITPOINT WARNING * * *
Qalolen burns you.
You die...

* * ▓▓▓▓▓▓▓▓▓
*...........▓▓
............▓▓ *
.............▓▓ *
.......#......▓▓
,...............▓▓
*
†G...ut.........▓▓
* ,
..4.S.u&.......∩.▓
*
..u†ts&8&.......▓▓
,..D.puG&&1.....▓▓
,...#..r#G.....▓▓
....1&22.....▓▓ **
............▓▓
**...........▓▓
▓▓▓▓▓▓▓▓▓▓▓▓


You could see Gecun, Omeovolu, Qalolen, Uzeng, Vah Tant, Veoxtuatt, 3 very ugly
things, 2 Ice Fiends, a swamp dragon, a white ugly thing, a blizzard demon, an
eye of devastation, a glowing shapeshifter, a shock serpent, 2 apocalypse crabs,
an eye of draining, a hellion, a chaos spawn, a redback, a hell rat and a
floating eye.

Vanquished Creatures
  the Royal Jelly (Slime:5)
  Mennas (Depths:5)
  18 ancient liches
  2 juggernauts
  45 greater mummies
  2 shard shrikes (Zig:12)
  Bai Suzhen (Crypt:1)
  6 pandemonium lords
  2 caustic shrikes
  4 Killer Klowns
  23 golden dragons
  Jory (Vaults:3)
  9 bone dragons
  Arachne (Spider:2)
  3 electric golems
  A Brimstone Fiend (Zig:22)
  2 profane servitors
  16 liches
  2 hellephants
  9 tentacled monstrosities
  2 Hell Sentinels
  3 deep elf blademasters
  Asterion (Spider:4)
  A shard shrike skeleton (Crypt:1)
  17 titans
  2 deep elf master archers (Elf:3)
  An Executioner (Zig:6)
  15 quicksilver dragons
  41 acid blobs
  10 sphinxes
  Frances (Elf:1)
  27 ancient champions
  4 death cobs
  A kraken (Shoals:4)
  Polyphemus (Shoals:2)
  13 tentacled starspawn
  Kirke (Spider:1)
  11 shadow dragons
  Agnes (Elf:2)
  13 draconian monks
  18 azure jellies
  A thorn hunter (Zig:11)
  16 storm dragons
  An azure jelly (shapeshifter) (Zig:14)
  13 nagarajas
  5 tengu reavers
  Donald (Elf:2)
  Ilsuiw (Shoals:3)
  An iron dragon (shapeshifter) (Zig:8)
  17 revenants
  12 draconian scorchers
  A blood saint (Zig:7)
  10 vault wardens
  15 frost giants
  8 iron dragons
  9 balrugs (Zig:22)
  4 deep elf sorcerers
  7 fire giants
  11 ghouls
  Aizul (Shoals:1)
  17 ghost moths
  17 draconian knights
  17 curse skulls
  3 deep elf elementalists
  15 emperor scorpions
  15 large abominations
  A warmonger (Zig:7)
  Louise (Shoals:4)
  3 orc warlords
  15 reapers
  6 draconian shifters
  2 caustic shrike zombies
  12 draconian annihilators
  8 draconian stormcallers
  22 stone giants
  3 spriggan defenders
  3 juggernaut zombies
  4 war gargoyles
  17 very ugly things
  6 ironheart preservers
  2 caustic shrike skeletons
  7 green draconians
  12 entropy weavers
  An entropy weaver (shapeshifter) (Zig:26)
  16 bennus
  12 deep elf annihilators
  The ghost of Tungsten the Black Belt, a journeyman DgTm (Lair:6)
  2 lorocyprocas
  A corrupter (Zig:7)
  7 deep elf demonologists
  4 black suns
  22 vampire knights
  15 yellow draconians
  10 white draconians
  2 dire elephants (shapeshifter) (Zig:14)
  11 black draconians
  13 red draconians
  4 dire elephants
  Snorg (Lair:5)
  11 spark wasps
  13 purple draconians
  11 death oozes
  18 deep elf death magi
  6 merfolk javelineers
  13 eidola
  11 ettins
  3 green deaths
  16 fire dragons
  A crystal guardian (WizLab)
  49 mummy priests
  4 blizzard demons
  27 great orbs of eyes
  4 jiangshi
  15 merfolk impalers
  5 deep elf high priests
  A quicksilver dragon zombie (Depths:1)
  31 vault guards
  20 yaktaur captains
  23 hydras
  15 ice dragons
  A hell beast (Depths:2)
  4 catoblepae
  6 naga warriors
  A spriggan air mage (Zig:5)
  A death knight (D:14)
  4 anacondas
  A quicksilver dragon skeleton (Abyss:3)
  3 rakshasas
  4 centaur warriors
  9 merfolk aquamancers
  2 alligator snapping turtles (Shoals:4)
  A ghost crab (Zig:11)
  4 satyrs
  A spectral stone giant (Crypt:3)
  2 alligators
  7 ogre magi
  26 two-headed ogres
  6 deep troll shamans
  A spectral fire giant (Crypt:3)
  13 deep troll earth magi
  10 merfolk avatars
  56 death scarabs
  A hell hog (Zig:22)
  5 tengu warriors
  4 spriggan berserkers
  A titan zombie (Zig:20)
  5 naga sharpshooters
  17 dancing weapons
  17 death yaks
  A shock serpent (shapeshifter) (Vaults:5)
  21 vampire magi
  4 shock serpents
  An orc high priest (Elf:1)
  2 storm dragon zombies
  5 thrashing horrors (Abyss:3)
  Sonja (Lair:2)
  9 hell knights
  2 fire crabs (shapeshifter)
  4 spriggans
  8 soul eaters
  5 iron trolls
  10 deep elf knights
  A death drake (Zig:23)
  3 unseen horrors
  14 wretched stars
  34 shadow wraiths
  36 skeletal warriors
  18 sea snakes
  A sixfirhy (Abyss:3)
  An anaconda zombie (Tomb:2)
  3 spriggan druids
  2 golden dragon zombies (Zig:12)
  14 glowing orange brains
  A storm dragon skeleton (Zig:22)
  19 flayed ghosts
  2 spatial maelstroms (Abyss:4)
  8 swamp dragons
  33 deep trolls
  A shadow demon (Zig:14)
  20 ironbrand convokers
  3 spark wasp zombies
  A gelid demonspawn (Zig:7)
  An unseen horror (shapeshifter) (D:15)
  A ghost moth zombie (Spider:3)
  A swamp dragon (shapeshifter) (Zig:14)
  2 golden dragon skeletons (Zig:22)
  A spectral iron dragon (Crypt:3)
  7 deep elf archers
  2 lindwurms (shapeshifter)
  26 phantasmal warriors
  8 naga ritualists
  10 orc knights
  2 shadow dragon zombies
  3 tengu zombies
  46 harpies
  6 wizards
  4 shambling mangroves
  A wolf spider zombie (Spider:3)
  2 sphinx zombies (Zig:22)
  2 necromancers
  8 oklob plants (Zig:9)
  36 wolf spiders
  3 mana vipers
  10 fauns
  34 ugly things
  35 deep elf magi
  11 shining eyes
  A frost giant zombie (Zig:12)
  24 orb spiders
  An iron dragon skeleton (Zig:22)
  6 orc sorcerers
  139 slime creatures
  5 salamanders
  A salamander (shapeshifter) (Vaults:4)
  19 manticores
  24 moths of wrath
  8 cyclopes
  2 fauns (shapeshifter)
  A frost giant skeleton (Zig:12)
  A fire giant skeleton (Zig:12)
  2 sphinx skeletons
  2 spriggan zombies (Zig:12)
  23 elephants
  Joseph (D:7)
  14 vault sentinels
  7 eyes of devastation
  11 merfolk sirens
  Maurice (D:13)
  4 apocalypse crabs
  14 guardian serpents
  4 ice statues
  24 black mambas
  2 dire elephant zombies (Tomb:2)
  A gargoyle (D:15)
  A guardian serpent (shapeshifter) (Depths:1)
  4 smoke demons
  6 naga magi
  12 water nymphs
  A water nymph (shapeshifter) (Zig:26)
  A rust devil (Depths:2)
  23 spiny frogs
  7 torpor snails
  6 elf zombies
  6 hellions
  3 tormentors (Zig:22)
  A redback zombie (Spider:3)
  2 komodo dragons (shapeshifter)
  A rime drake (shapeshifter) (Zig:26)
  3 spriggan skeletons
  An emperor scorpion zombie (Spider:3)
  12 rime drakes
  9 komodo dragons
  36 demonic crawlers
  9 freezing wraiths
  5 small abominations
  2 tengu conjurers
  2 efreet
  48 yaktaurs
  7 red devils
  3 yaktaurs (shapeshifter)
  2 ancient zymes
  A sea snake skeleton (Crypt:1)
  A meliai (shapeshifter) (Vaults:5)
  3 elf skeletons
  A spectral harpy (Crypt:3)
  A hellwing (Abyss:3)
  67 guardian mummies
  A hornet (shapeshifter) (Depths:3)
  12 trolls
  41 jumping spiders
  46 merfolk
  6 wind drakes
  2 polar bears (Lair:6)
  A harpy zombie (Abyss:3)
  20 hornets
  2 tyrant leeches (Zig:11)
  11 hippogriffs
  A wind drake (shapeshifter) (Elf:3)
  A bog body (Zig:11)
  A guardian serpent zombie (Crypt:1)
  12 blink frogs
  2 jumping spider zombies (Spider:3)
  A dream sheep (shapeshifter) (Zig:8)
  A tarantella zombie (Spider:3)
  A fire giant simulacrum (Vaults:3)
  A tengu simulacrum (Vaults:3)
  11 raiju
  A meliai zombie (D:12)
  9 dream sheep
  A blink frog (shapeshifter) (D:15)
  9 snapping turtles
  7 air elementals
  34 flying skulls
  A vampire (D:13)
  81 redbacks
  A spriggan (shapeshifter) (D:13)
  11 shadows
  37 tarantellas
  A ynoxinul (Abyss:3)
  29 water elementals
  32 ushabtiu
  9 wraiths
  72 yaks
  A yak (shapeshifter) (Depths:1)
  7 hungry ghosts
  A basilisk (shapeshifter) (D:15)
  2 wyverns
  2 fire elementals
  12 golden eyes
  4 steam dragons
  6 basilisks
  2 hogs (Spider:1)
  Eustachio (D:6)
  6 neqoxecs
  An elf simulacrum (Zig:25)
  A golden eye (shapeshifter) (Elf:3)
  8 chaos spawn
  3 vampire mosquitoes
  Menkaure (D:7)
  11 wargs
  An acid dragon (Zig:23)
  10 nagas
  A floating eye (shapeshifter) (Depths:1)
  8 hell hounds
  2 soldier ants (Spider:3)
  2 insubstantial wisps (Zig:5)
  5 porcupines
  A spiny frog zombie (Crypt:1)
  Duvessa (D:5)
  16 water moccasins
  A floating eye (Zig:18)
  12 ice beasts
  An alligator simulacrum (Tomb:1)
  A hornet zombie (D:11)
  46 orc warriors
  10 swamp drakes
  2 sky beasts (D:7)
  3 black bears
  A swamp dragon zombie (Crypt:1)
  19 eyes of draining
  5 necrophages
  4 boggarts (Depths:1)
  7 phantoms
  21 wolves
  36 ogres
  13 centaurs
  14 crocodiles
  5 big kobolds
  3 earth elementals (Elf:3)
  2 gnoll sergeants (D:11)
  17 bullfrogs
  A wyvern zombie (D:10)
  4 scorpions
  5 wights
  The ghost of George the Bolt Thrower, a weakling GnWn (D:3)
  2 howler monkeys
  2 electric eels
  6 crimson imps
  3 bullfrog zombies
  4 quasits
  6 centaur zombies
  5 human zombies (D:8)
  72 starcursed masses
  3 bullfrog skeletons
  22 orc wizards
  4 centaur skeletons
  21 orc priests
  A basilisk zombie (Crypt:2)
  11 hounds
  6 jellies
  A human skeleton (Crypt:3)
  2 iron imps
  Crazy Yiuf (D:6)
  Jessica (D:2)
  6 iguanas
  A porcupine zombie (Crypt:2)
  6 hell rats (Lair:5)
  A lightning spire (Zig:15)
  13 worker ants
  A killer bee zombie (D:6)
  4 tengu skeletons
  2 hound zombies
  2 hound skeletons (D:4)
  81 mummies
  A howler monkey skeleton (D:7)
  A howler monkey zombie (D:5)
  23 gnolls
  10 adders
  An adder (shapeshifter) (Elf:1)
  3 shadow imps
  3 white imps
  An ufetubus (Abyss:3)
  2 oozes
  3 adder zombies
  An iguana skeleton (Crypt:1)
  3 worms
  7 leopard geckos
  102 orcs
  2 bats (D:1)
  2 giant cockroaches
  6 goblins
  14 hobgoblins
  7 jackals
  22 kobolds
  A quokka (D:7)
  3 ball pythons
  4 frilled lizards
  A jackal skeleton (Crypt:2)
  A leopard gecko zombie (D:8)
  5 rats
  11 briar patches (Zig:11)
  2 crawling corpses (Spider:3)
  A demonic plant (WizLab)
  A fire vortex (Orc:2)
  3 fungi
  A lurking horror (Abyss:4)
  7 plants
  18 starspawn tentacles
  A tentacle (Shoals:4)
  7 withered plants (Crypt:3)
3916 creatures vanquished.

Vanquished Creatures (collateral kills)
  Nikola (Elf:1)
  A moon troll (WizLab)
  A tentacled starspawn (WizLab)
  A cacodemon (WizLab)
  A starcursed mass (WizLab)
  A death ooze (Slime:5)
  2 hydras
  A catoblepas (D:14)
  2 two-headed ogres
  A centaur warrior (D:14)
  A death yak (Lair:6)
  A shock serpent (shapeshifter) (Vaults:4)
  A glowing orange brain (D:15)
  A death drake (shapeshifter) (D:15)
  A wizard (D:14)
  A deep elf archer (Elf:1)
  4 deep elf magi
  An orb spider (Spider:4)
  A wolf spider (Spider:4)
  An orc knight (Orc:2)
  3 ugly things
  An oklob plant (Lair:6)
  A manticore (D:14)
  2 shining eyes (Slime:4)
  7 elephants (Lair:6)
  2 spiny frogs (Lair:6)
  An eye of devastation (WizLab)
  A centaur zombie (D:14)
  A gargoyle (D:15)
  2 yaktaurs (D:15)
  A troll (D:14)
  2 jumping spiders (Spider:4)
  6 blink frogs
  A dream sheep (Lair:5)
  A redback (Spider:4)
  A wyvern (D:12)
  A spriggan (shapeshifter) (D:15)
  6 yaks
  A hungry ghost (D:9)
  An ice beast (D:14)
  An eye of draining (D:12)
  2 centaurs
  3 crocodiles
  2 bullfrogs
  Dowan (D:5)
  A wyvern skeleton (D:14)
  4 wights (D:7)
  A crimson imp (D:14)
  An orc priest (D:6)
  A jelly (D:10)
  A hound (D:9)
  5 gnolls (Bailey)
  2 orcs
  5 hobgoblins (Bailey)
  2 kobolds
99 creatures vanquished.

Vanquished Creatures (others)
  A thorn hunter (Zig:11)
  A draconian monk (Zig:13)
  A quicksilver dragon zombie (Tomb:2)
  An ice dragon (Zot:2)
  A two-headed ogre (D:12)
  A merfolk aquamancer (Shoals:4)
  A vampire mage (Crypt:1)
  A deep troll (Depths:3)
  A death drake (Zig:23)
  A naga mage (Zig:9)
  An ancient zyme (Abyss:4)
  3 rime drakes (Zig:23)
  A troll (Orc:2)
  2 wind drakes (Zig:23)
  A hornet (Zig:9)
  A slime creature (Slime:5)
  A water elemental (Depths:4)
  An ushabti (Tomb:2)
  A wraith (Zig:22)
  3 humans (Spider:1)
  4 steam dragons
  4 swamp drakes
  A centaur (Depths:1)
  An ogre (Orc:2)
  An orc wizard (Orc:2)
  A briar patch (Zig:11)
  A demonic plant (WizLab)
  17 fungi
  37 plants
  27 starspawn tentacles
  5 tentacles (Shoals:4)
  A withered plant (Crypt:3)
125 creatures vanquished.

Grand Total: 4140 creatures vanquished

Notes
Turn   | Place    | Note
-------+----------+-------------------------------------------
     0 | D:1      | 4thArraOfDagon the Deep Dwarf Wanderer began the quest for the Orb.
     0 | D:1      | 4thArraOfDagon set off with: 11 poisoned needles, a +0 blowgun, a +0 robe, a ration
     0 | D:1      | Reached XP level 1. HP: 15/15 MP: 6/6
     6 | D:1      | Learned a level 1 spell: Flame Tongue
   215 | D:4      | Reached skill level 1 in Fighting
   215 | D:4      | Reached XP level 2. HP: 25/25 MP: 6/6
   227 | D:4      | Reached XP level 3. HP: 32/32 MP: 5/8
   238 | D:4      | Reached skill level 5 in Spellcasting
   240 | D:4      | Reached XP level 4. HP: 39/39 MP: 7/10
   302 | D:5      | Entered Level 5 of the Dungeon
   412 | D:7      | Noticed a bullfrog
   425 | D:7      | Killed a bullfrog
   425 | D:7      | Reached XP level 5. HP: 21/48 MP: 11/11
   484 | D:7      | Learned a level 3 spell: Conjure Flame
   512 | D:7      | Found a staircase to the Ecumenical Temple.
   520 | Temple   | Entered the Ecumenical Temple
   535 | Temple   | Became a worshipper of Makhleb the Destroyer
   759 | D:4      | Reached XP level 6. HP: 38/56 MP: 12/12
   899 | D:3      | Noticed George's ghost (weakling GnWn)
  1337 | D:1      | Reached * piety under Makhleb
  2108 | D:2      | Noticed Jessica
  2115 | D:2      | Killed Jessica
  2458 | D:3      | Reached skill level 1 in Invocations
  2785 | D:3      | Killed George's ghost
  2785 | D:3      | Reached skill level 1 in Dodging
  2795 | D:3      | Found an iron altar of Okawaru.
  3054 | D:4      | Reached skill level 1 in Armour
  3059 | D:4      | Reached XP level 7. HP: 48/63 MP: 12/12
  3071 | D:4      | Reached ** piety under Makhleb
  3183 | D:4      | Reached skill level 5 in Axes
  3440 | D:5      | magipi: hello
  3478 | D:5      | magipi: AC 5? wow
  3480 | D:5      | Reached XP level 8. HP: 16/72 MP: 13/13
  3547 | D:5      | Noticed Duvessa
  3573 | D:5      | Noticed Dowan
  3574 | D:5      | Killed Duvessa
  3575 | D:5      | Noticed soark's ghost (amateur OpVM)
  3585 | D:5      | Killed Dowan
  3916 | D:6      | Reached *** piety under Makhleb
  4071 | D:6      | Found a runed door.
  4075 | D:6      | Noticed Crazy Yiuf
  4092 | D:6      | Killed Crazy Yiuf
  4431 | D:6      | Noticed Eustachio
  4445 | D:6      | Killed Eustachio
  4673 | D:7      | Reached skill level 5 in Fighting
  4673 | D:7      | Reached skill level 5 in Invocations
  4674 | D:7      | Gained mutation: You passively map the area around you. [Deep Dwarf growth]
  4674 | D:7      | Reached XP level 9. HP: 61/81 MP: 13/13
  4922 | D:7      | Noticed Menkaure
  4928 | D:7      | Killed Menkaure
  5019 | D:7      | Noticed Joseph
  5049 | D:7      | Killed Joseph
  5167 | D:8      | Reached skill level 5 in Armour
  5167 | D:8      | Reached skill level 5 in Dodging
  5245 | D:8      | Gained mutation: You possess an exceptional clarity of mind. [potion of mutation]
  5245 | D:8      | Gained mutation: You are surrounded by a mild repulsion field. (EV +2) [potion of mutation]
  5332 | D:8      | Found Padghumm's Distillery.
  5379 | D:8      | Bought a potion of heal wounds for 55 gold pieces
  5379 | D:8      | Bought a potion of heal wounds for 55 gold pieces
  5379 | D:8      | Bought a potion of ambrosia for 88 gold pieces
  5379 | D:8      | Bought a potion of curing for 33 gold pieces
  5379 | D:8      | Bought a potion of curing for 33 gold pieces
  5408 | D:8      | Reached **** piety under Makhleb
  5488 | D:8      | Found a sparkling altar of Nemelex Xobeh.
  5538 | D:8      | Found an ancient bone altar of Kikubaaqudgha.
  5635 | D:8      | Reached XP level 10. HP: 59/90 MP: 12/12
  5899 | D:9      | Found a flagged portal.
  5906 | Bailey   | Entered a bailey
  6138 | D:9      | Reached ***** piety under Makhleb
  6283 | D:9      | Reached skill level 10 in Axes
  6396 | D:10     | Entered Level 10 of the Dungeon
  6489 | D:10     | Got a steaming flail
  6490 | D:10     | Identified the +4 flail of Yesterday {antimagic, Int+4} (You found it on level 10 of the Dungeon)
  6561 | D:10     | Reached XP level 11. HP: 75/100 MP: 13/13
  6612 | D:10     | Noticed a two-headed hydra
  6616 | D:10     | Killed a one-headed hydra
  6660 | D:10     | Noticed a two-headed ogre
  6663 | D:10     | Noticed a two-headed ogre
  6676 | D:10     | Killed a two-headed ogre
  6689 | D:10     | Killed a two-headed ogre
  6900 | D:10     | Found a staircase to the Orcish Mines.
  7326 | D:11     | Got a dull robe
  7501 | D:11     | Found a staircase to the Lair.
  7583 | D:11     | Noticed a two-headed ogre
  7606 | D:11     | Killed a two-headed ogre
  7636 | D:11     | Got a crude hunting sling
  7813 | D:11     | Identified the +0 robe of Negation {+Blink rF+++ rC++ Stlth-} (You found it on level 11 of the Dungeon)
  7837 | D:12     | Noticed a two-headed ogre
  7859 | D:12     | Killed a two-headed ogre
  7879 | D:12     | Noticed an unseen horror
  7887 | D:12     | Reached XP level 12. HP: 81/111 MP: 1/14
  7944 | D:12     | Noticed a two-headed ogre
  8078 | D:13     | Noticed a two-headed ogre
  8098 | D:13     | Killed a two-headed ogre
  8154 | D:13     | Noticed a two-headed ogre
  8190 | D:13     | Killed a two-headed ogre
  8223 | D:13     | Reached ****** piety under Makhleb
  8335 | D:13     | Noticed Maurice
  8355 | D:13     | Killed Maurice
  8602 | D:14     | Noticed a catoblepas
  8644 | D:14     | Noticed a five-headed hydra
  8656 | D:14     | Killed a one-headed hydra
  8674 | D:14     | Identified a scroll of acquirement
  8677 | D:14     | Noticed a two-headed ogre
  8685 | D:14     | Killed a two-headed ogre
  8814 | D:14     | Noticed a centaur warrior
  8826 | D:14     | Killed a centaur warrior
  8880 | D:14     | Reached skill level 10 in Armour
  8880 | D:14     | Reached skill level 10 in Dodging
  8934 | D:14     | Noticed a vault guard
  8944 | D:14     | Killed a vault guard
  8957 | D:14     | Noticed a death knight
  8977 | D:14     | Killed a death knight
  8997 | D:14     | Found a gate to the Vaults.
  9052 | D:14     | Killed a catoblepas
  9052 | D:14     | Reached XP level 13. HP: 39/121 MP: 15/15
  9228 | D:15     | Entered Level 15 of the Dungeon
  9228 | D:15     | Found a white marble altar of Elyvilon.
  9235 | D:15     | Reached skill level 15 in Axes
  9305 | D:15     | Found Cost's Antique Armour Shop.
  9434 | D:15     | Sergey: hello
  9448 | D:15     | Found Nogi's Magic Scroll Emporium.
  9614 | D:15     | Found Lyna's Antique Armour Emporium.
  9651 | D:15     | Found Cumiwesh's Magic Scroll Shoppe.
 10138 | D:15     | Bought a slimy plate armour for 728 gold pieces
 10148 | D:15     | Identified the +1 plate armour of Prudence {rC+ rN+ Str+3 Int-4} (You bought it in a shop on level 15 of the Dungeon)
 10375 | Orc:1    | Entered Level 1 of the Orcish Mines
 10838 | Orc:2    | Entered Level 2 of the Orcish Mines
 10838 | Orc:2    | Found Weutseot's Magic Scroll Shop.
 10838 | Orc:2    | Noticed an orc warlord
 10859 | Orc:2    | Killed an orc warlord
 10860 | Orc:2    | Found Watsyderyi's Antique Weapon Emporium.
 10876 | Orc:2    | Gained mutation: You resist negative energy. (rN+) [Deep Dwarf growth]
 10876 | Orc:2    | Reached XP level 14. HP: 129/129 MP: 14/14
 10916 | Orc:2    | Found Luwn's Gadget Shoppe.
 10920 | Orc:2    | Found Wonu's Gadget Shoppe.
 10938 | Orc:2    | Found a staircase to the Elven Halls.
 11202 | Orc:2    | Bought a scroll of fog for 32 gold pieces
 11202 | Orc:2    | Bought a scroll of teleportation for 48 gold pieces
 11202 | Orc:2    | Bought a scroll of identify for 32 gold pieces
 11202 | Orc:2    | Bought a scroll of identify for 32 gold pieces
 11202 | Orc:2    | Bought a scroll of identify for 32 gold pieces
 11202 | Orc:2    | Bought a scroll of teleportation for 48 gold pieces
 11202 | Orc:2    | Bought a scroll of random uselessness for 16 gold pieces
 11447 | Orc:2    | Got a faintly glowing executioner's axe
 11448 | Orc:2    | Identified the +9 executioner's axe "Orb Guardian's Doom" {vamp, SInv} (You acquired it on level 2 of the Orcish Mines)
 11585 | Lair:1   | Entered Level 1 of the Lair of Beasts
 11594 | Lair:1   | Found a frozen archway.
 11672 | IceCv    | Entered an ice cave
 11782 | IceCv    | Got crude ice dragon scales
 11787 | IceCv    | Identified the Guide on Lucky Lightness
 11793 | IceCv    | Identified the cursed +0 ice dragon scales of Democracy {rF- rC++ Slay+2} (You found it in an ice cave)
 12082 | Lair:2   | Found a hole to the Spider Nest.
 12159 | Lair:2   | Noticed Sonja
 12182 | Lair:2   | Killed Sonja
 12618 | Lair:3   | Found a glowing golden altar of the Shining One.
 12817 | Lair:5   | Found a shattered altar of Ashenzari.
 12905 | Lair:5   | Noticed Snorg
 12912 | Lair:5   | Killed Snorg
 13015 | Lair:5   | Reached XP level 15. HP: 135/135 MP: 15/15
 13077 | Lair:5   | Learned a level 4 spell: Petrify
 13105 | Lair:5   | Reached skill level 1 in Earth Magic
 13330 | Lair:6   | Entered Level 6 of the Lair of Beasts
 13339 | Lair:6   | Noticed Tungsten's ghost (journeyman DgTm)
 13365 | Lair:6   | Killed Tungsten's ghost
 13377 | Lair:6   | rip bud
 14250 | Elf:1    | Entered Level 1 of the Elven Halls
 14327 | Elf:1    | Found Huaxt's Food Emporium.
 14327 | Elf:1    | Noticed Frances
 14424 | Elf:1    | Killed Frances
 14483 | Elf:1    | Found Xoeblumid's Book Boutique.
 14495 | Elf:1    | Noticed Nikola
 14574 | Elf:1    | Found Ruuf Hau's Magic Scroll Shoppe.
 14577 | Elf:1    | Bought a scroll of teleportation for 51 gold pieces
 14577 | Elf:1    | Bought a scroll of holy word for 127 gold pieces
 14687 | Elf:1    | Reached XP level 16. HP: 144/144 MP: 16/16
 14738 | Elf:1    | Found Wezaluan's Distillery.
 14777 | Elf:1    | Found a portal to a secret trove of treasure.
 14984 | Elf:2    | Noticed Donald
 15012 | Elf:2    | Killed Donald
 15075 | Elf:2    | Noticed Agnes
 15088 | Elf:2    | Killed Agnes
 15416 | Elf:1    | Found Numesch's Book Boutique.
 15437 | Elf:1    | Bought a potion of curing for 45 gold pieces
 15437 | Elf:1    | Bought a potion of resistance for 150 gold pieces
 15437 | Elf:1    | Bought 2 potions of agility for 120 gold pieces
 15437 | Elf:1    | Bought a potion of might for 60 gold pieces
 15437 | Elf:1    | Bought a potion of heal wounds for 75 gold pieces
 15554 | Elf:2    | Reached skill level 5 in Earth Magic
 15605 | Elf:3    | Entered Level 3 of the Elven Halls
 15605 | Elf:3    | Found Peogo's Distillery.
 15620 | Elf:3    | Bought a potion of agility for 52 gold pieces
 15620 | Elf:3    | Bought a potion of agility for 52 gold pieces
 15620 | Elf:3    | Bought a potion of might for 52 gold pieces
 15620 | Elf:3    | Bought a potion of haste for 130 gold pieces
 15621 | Elf:3    | Bought a potion of agility for 52 gold pieces
 15722 | Elf:3    | Identified the Compendium of the Okapi
 16231 | Elf:3    | Noticed a deep elf master archer
 16238 | Elf:3    | Killed a deep elf master archer
 16272 | Elf:3    | Noticed a deep elf blademaster
 16296 | Elf:3    | Killed a deep elf blademaster
 16308 | Elf:3    | Noticed a deep elf master archer
 16318 | Elf:3    | Killed a deep elf master archer
 16400 | Elf:3    | Reached XP level 17. HP: 102/152 MP: 17/17
 16461 | Elf:3    | Noticed a deep elf blademaster
 16481 | Elf:3    | Killed a deep elf blademaster
 16484 | Elf:3    | Reached skill level 10 in Fighting
 16735 | Elf:3    | Identified the Handbook of Augmentations and Stones
 16754 | Elf:3    | p0werm0de: nice axe
 16810 | Elf:3    | Learned a level 6 spell: Statue Form
 16820 | Elf:3    | Learned a level 9 spell: Shatter
 16922 | Elf:1    | Bought a potion of mutation for 120 gold pieces
 16922 | Elf:1    | Bought a potion of mutation for 120 gold pieces
 16922 | Elf:1    | Bought a potion of curing for 45 gold pieces
 16922 | Elf:1    | Bought 2 potions of agility for 120 gold pieces
 17122 | Elf:1    | Killed Nikola
 17440 | Lair:2   | Reached skill level 1 in Transmutations
 17797 | Lair:4   | Found a staircase to the Shoals.
 17907 | Lair:4   | Turgon: +9 vamp exec axe!!
 18046 | Shoals:1 | Entered Level 1 of the Shoals
 18197 | Shoals:1 | Noticed Aizul
 18219 | Shoals:1 | Killed Aizul
 18405 | Shoals:1 | p0werm0de: TURGON!!
 18439 | Shoals:1 | Turgon: ?
 18461 | Shoals:1 | p0werm0de: kinder werden gangster statt feuerwehrmann !!
 18490 | Shoals:2 | Noticed Polyphemus
 18493 | Shoals:2 | p0werm0de: right
 18500 | Shoals:1 | Turgon: ?
 18504 | Shoals:1 | p0werm0de: !
 18560 | Shoals:2 | Killed Polyphemus
 18570 | Shoals:2 | p0werm0de: did ya see the new top 2nd score
 18585 | Shoals:2 | p0werm0de: !hs * -2
 18623 | Shoals:2 | beem: 8802089/8802090. tlatlagkaus the Wrestler (L27 VSFi of Cheibriados), escaped with the Orb and 15 runes on 2018-04-21 02:00:59, with 76826393 points after 18655 turns and 5:05:40.
 18626 | Shoals:2 | Reached skill level 5 in Transmutations
 18636 | Shoals:2 | Reached skill level 10 in Earth Magic
 18768 | Shoals:2 | 4thArraOfDagon: yehey
 18768 | Shoals:2 | 4thArraOfDagon: yea
 18771 | Shoals:2 | Got a faintly humming robe
 18782 | Shoals:2 | Identified the +1 robe "Fuhotem" {+Inv rPois} (You found it on level 2 of the Shoals)
 19108 | Shoals:3 | Gained mutation: You passively map a large area around you. [Deep Dwarf growth]
 19108 | Shoals:3 | Reached XP level 18. HP: 160/160 MP: 20/20
 19173 | Shoals:3 | Noticed Ilsuiw
 19214 | Shoals:3 | Killed Ilsuiw
 19521 | Shoals:4 | Entered Level 4 of the Shoals
 19643 | Shoals:4 | Noticed Louise
 19830 | Shoals:4 | Killed Louise
 19970 | Shoals:4 | Got a barnacled rune of Zot
 20735 | Spider:1 | Entered Level 1 of the Spider Nest
 20757 | Spider:1 | Noticed Kirke
 20769 | Spider:1 | Killed Kirke
 21018 | Spider:1 | Reached XP level 19. HP: 168/168 MP: 23/23
 21148 | Spider:2 | Learned a level 6 spell: Iron Shot
 21150 | Spider:2 | Noticed Arachne
 21169 | Spider:2 | Killed Arachne
 21910 | Spider:4 | Entered Level 4 of the Spider Nest
 21910 | Spider:4 | Noticed Asterion
 21919 | Spider:4 | Killed Asterion
 22286 | Spider:4 | Got a gossamer rune of Zot
 22637 | Lair:6   | Found a viscous altar of Jiyva.
 22637 | Lair:6   | Found a staircase to the Slime Pits.
 22646 | Slime:1  | Entered Level 1 of the Pits of Slime
 22687 | Slime:2  | Reached skill level 15 in Earth Magic
 22701 | Slime:2  | Reached XP level 20. HP: 187/187 MP: 21/24
 22888 | Slime:4  | Gained mutation: Potions are less effective at restoring your health. [a shining eye]
 22952 | Slime:3  | Gained mutation: Scrolls take you a little longer to read. [a shining eye]
 22953 | Slime:3  | Gained mutation: You are weak. (Str -2) [a shining eye]
 23047 | Slime:5  | Entered Level 5 of the Pits of Slime
 23361 | Slime:5  | Found a viscous altar of Jiyva.
 23362 | Slime:5  | Noticed the Royal Jelly
 23374 | Slime:5  | Killed the Royal Jelly
 23415 | Slime:5  | Found the ring of the Mage {Wiz MR++ Int+3}
 23506 | Slime:5  | Got a slimy rune of Zot
 23526 | Slime:5  | Got an iridescent war axe
 23528 | Slime:5  | Identified the +6 war axe of Excruciating Pain {freeze, rPois MP-9 Int+9} (You found it on level 5 of the Pits of Slime)
 23530 | Slime:5  | Got a crude helmet
 23536 | Slime:5  | Identified the +4 helmet of Fortification {rElec MR+} (You found it on level 5 of the Pits of Slime)
 23581 | Slime:5  | Learned a level 8 spell: Controlled Blink
 23628 | Lair:6   | Lost mutation: You possess an exceptional clarity of mind. [potion of mutation]
 23628 | Lair:6   | Lost mutation: Scrolls take you a little longer to read. [potion of mutation]
 23628 | Lair:6   | Lost mutation: You are weak. (Str -2) [potion of mutation]
 23628 | Lair:6   | Lost mutation: You are surrounded by a mild repulsion field. (EV +2) [potion of mutation]
 23628 | Lair:6   | Gained mutation: You have large cloven feet. [potion of mutation]
 23628 | Lair:6   | Gained mutation: You expend magic power (3 MP) to strengthen your wands. [potion of mutation]
 23628 | Lair:6   | Gained mutation: Your system is resistant to poisons. (rPois) [potion of mutation]
 23629 | Lair:6   | Lost mutation: Your system is resistant to poisons. (rPois) [potion of mutation]
 23629 | Lair:6   | Lost mutation: You have large cloven feet. [potion of mutation]
 23629 | Lair:6   | Lost mutation: You expend magic power (3 MP) to strengthen your wands. [potion of mutation]
 23629 | Lair:6   | Gained mutation: You are partially covered in large bone plates. (SH +4) [potion of mutation]
 23629 | Lair:6   | Gained mutation: You are partially covered in slimy green scales. (AC +2) [potion of mutation]
 23630 | Lair:6   | Lost mutation: You are partially covered in slimy green scales. (AC +2) [potion of mutation]
 23630 | Lair:6   | Lost mutation: You are partially covered in large bone plates. (SH +4) [potion of mutation]
 23630 | Lair:6   | Lost mutation: Potions are less effective at restoring your health. [potion of mutation]
 23630 | Lair:6   | Gained mutation: Scrolls take you a little longer to read. [potion of mutation]
 23630 | Lair:6   | Gained mutation: You are somewhat resistant to further mutation. [potion of mutation]
 23631 | Lair:6   | Lost mutation: You are somewhat resistant to further mutation. [potion of mutation]
 23631 | Lair:6   | Lost mutation: Scrolls take you a little longer to read. [potion of mutation]
 23631 | Lair:6   | Gained mutation: Your body sometimes deteriorates upon taking damage. [potion of mutation]
 23631 | Lair:6   | Gained mutation: You are weak. (Str -2) [potion of mutation]
 23631 | Lair:6   | Gained mutation: Your spells are a little harder to cast, but a little more powerful. [potion of mutation]
 23632 | Lair:6   | Lost mutation: Your body sometimes deteriorates upon taking damage. [potion of mutation]
 23632 | Lair:6   | Lost mutation: Your spells are a little harder to cast, but a little more powerful. [potion of mutation]
 23632 | Lair:6   | Lost mutation: You are weak. (Str -2) [potion of mutation]
 23632 | Lair:6   | Gained mutation: You have a somewhat thin skeletal structure. (Dex +2, Stealth) [potion of mutation]
 23632 | Lair:6   | Gained mutation: Your flesh is heat resistant. (rF+) [potion of mutation]
 23827 | Vaults:1 | Entered Level 1 of the Vaults
 23889 | D:15     | Bought a scroll of teleportation for 42 gold pieces
 23889 | D:15     | Bought a scroll of identify for 28 gold pieces
 23889 | D:15     | Bought a scroll of identify for 28 gold pieces
 23889 | D:15     | Bought a scroll of teleportation for 42 gold pieces
 23889 | D:15     | Bought 3 scrolls of magic mapping for 147 gold pieces
 24080 | Elf:1    | You paid a toll of 17 scrolls of identify to enter a treasure trove
 24081 | Trove    | Entered a treasure trove
 24104 | Trove    | Identified a +0 pair of boots of running (You found it in a treasure trove)
 24121 | Trove    | Identified the +7 chain mail "Ahir" {rPois rN+ Int+2 Dex+2} (You found it in a treasure trove)
 24439 | Vaults:1 | Found Mujono's Armour Shoppe.
 24452 | Vaults:1 | Bought the +3 pair of gauntlets of War {Slay+5} for 1045 gold pieces
 24452 | Vaults:1 | Found the +3 pair of gauntlets of War {Slay+5}
 24580 | Vaults:3 | Reached skill level 10 in Spellcasting
 24627 | Vaults:3 | Noticed Jory
 24633 | Vaults:3 | Reached XP level 21. HP: 198/198 MP: 22/27
 24641 | Vaults:3 | Killed Jory
 24655 | Vaults:3 | Found a magical portal.
 24664 | WizLab   | Entered Lehudib's Moon Base
 24837 | WizLab   | Sergey: are you going to swith for UC in extended ?
 25076 | WizLab   | p0werm0de: no
 25119 | WizLab   | p0werm0de: ;P
 25199 | WizLab   | Found a transporter.
 25245 | WizLab   | Found a transporter.
 25289 | Vaults:2 | Found Quvvapae's Armour Shoppe.
 25766 | Vaults:4 | Reached skill level 15 in Fighting
 26031 | Vaults:4 | Reached XP level 22. HP: 210/210 MP: 29/29
 26083 | Vaults:4 | Gained mutation: You are weak. (Str -2) [a shining eye]
 26178 | Vaults:5 | Entered Level 5 of the Vaults
 26262 | Vaults:5 | Gained mutation: Your body sometimes deteriorates upon taking damage. [a cacodemon]
 26325 | Vaults:5 | :O
 26390 | Vaults:5 | Got a bloodstained battleaxe
 26396 | Vaults:5 | Got a brightly glowing broad axe
 26400 | Vaults:5 | Identified the cursed +0 battleaxe of Calamity {venom, Dex+4} (You found it on level 5 of the Vaults)
 26425 | Vaults:5 | Got a bloodstained robe
 26438 | Vaults:5 | Identified the +2 robe of Yesterday {rF++ rC+} (You found it on level 5 of the Vaults)
 26444 | Vaults:5 | Got polished storm dragon scales
 26450 | Vaults:5 | Identified the +6 storm dragon scales of the Equator {+Inv rElec rC+ SInv} (You found it on level 5 of the Vaults)
 26462 | Vaults:5 | Identified the +9 broad axe "Louph" {chop, rElec rF+ rC- Str+5} (You found it on level 5 of the Vaults)
 26603 | Vaults:5 | Sergey: !hs * DDWn
 26606 | Vaults:5 | beem: 5797. puimuR the Executioner (L27 DDWn of Makhleb), escaped with the Orb and 15 runes on 2015-11-13 23:02:37, with 44940352 points after 32332 turns and 7:09:48.
 26637 | Vaults:5 | Sergey: !stalk $p
 26641 | Vaults:5 | beem: 4thArraOfDagon the L22 DDWn^Makh in Vaults:5 (cxc tiles), T:26178, runes: 3 (slimy, gossamer, barnacled), defenses: 35/15/0, stats: 13/28/17, >15 skills: Fighting,Axes,Earth Magic
 26645 | Vaults:5 | Got a slimy lead ring
 26665 | Vaults:5 | Identified the Almanac of the Displaced Snowflakes
 26763 | Vaults:5 | Noticed a golden dragon
 26767 | Vaults:5 | Found Icimaria's Book Boutique.
 26777 | Vaults:5 | Got a silver rune of Zot
 26786 | Vaults:5 | Killed a golden dragon
 26786 | Vaults:5 | Reached XP level 23. HP: 220/220 MP: 27/31
 26795 | Vaults:5 | Learned a level 5 spell: Lee's Rapid Deconstruction
 26893 | Vaults:5 | Identified the ring "Mableze" {rPois rC+ Stlth+} (You took it off an ironbrand convoker on level 5 of the Vaults)
 26979 | Vaults:5 | Found the +2 pair of boots of the Assassin {Detection Stab+ Stlth++}
 26983 | Vaults:5 | Identified the Almanac of Evil Flames
 26986 | Vaults:5 | Identified the Handbook of Confrontation and Malediction
 27132 | Vaults:3 | Found a staircase to the Crypt.
 27132 | Vaults:3 | Found a basalt altar of Yredelemnul.
 27133 | Vaults:3 | Found an ancient bone altar of Kikubaaqudgha.
 27139 | Crypt:1  | Entered Level 1 of the Crypt
 27180 | Crypt:1  | Noticed Bai Suzhen
 27206 | Crypt:1  | Killed Bai Suzhen
 27284 | Crypt:1  | Got a heavily runed plate armour
 27531 | Crypt:2  | Identified the +6 plate armour "Hoqidd" {rC+ rCorr} (You found it on level 1 of the Crypt)
 27555 | Crypt:3  | Entered Level 3 of the Crypt
 27672 | Crypt:3  | Found a basalt altar of Yredelemnul.
 27786 | Crypt:3  | p0werm0de: puimur is a friend of zkyp+medar
 27787 | Crypt:3  | Got a fine ivory ring
 27793 | Crypt:3  | Got a smoking wooden ring
 27815 | Crypt:3  | Identified the ring "Hocsozosukh" {rC+ MP+9 Stlth+} (You found it on level 3 of the Crypt)
 27816 | Crypt:3  | p0werm0de: better fail his game else they will activate doomswitch
 27817 | Crypt:3  | Identified the ring of Ableokhluso {rCorr +Fly MR+ Stlth-} (You found it on level 3 of the Crypt)
 28028 | Crypt:3  | Found a staircase to the Tomb.
 28044 | Tomb:1   | Entered Level 1 of the Tomb of the Ancients
 28236 | Tomb:1   | Noticed a greater mummy
 28248 | Tomb:1   | Killed a greater mummy
 28248 | Tomb:1   | Reached XP level 24. HP: 234/234 MP: 32/32
 28256 | Tomb:1   | Noticed an ancient lich
 28271 | Tomb:1   | Killed an ancient lich
 28402 | Tomb:1   | Reached skill level 1 in Translocations
 28439 | Tomb:2   | Noticed a greater mummy
 28439 | Tomb:2   | Noticed a greater mummy
 28439 | Tomb:2   | Noticed a greater mummy
 28449 | Tomb:2   | Killed a greater mummy
 28508 | Tomb:2   | Noticed a greater mummy
 28510 | Tomb:2   | Killed a greater mummy
 28510 | Tomb:2   | Killed a greater mummy
 28526 | Tomb:2   | Killed a greater mummy
 28526 | Tomb:2   | Reached skill level 5 in Translocations
 28784 | Tomb:3   | Entered Level 3 of the Tomb of the Ancients
 28797 | Tomb:3   | Cast into level 4 of the Abyss (the power of Zot)
 28797 | Abyss:4  | Found a transporter.
 28797 | Abyss:4  | Found a corrupted altar of Lugonu.
 28799 | Abyss:4  | thx
 28802 | Abyss:4  | Found a transporter.
 28824 | Abyss:4  | Found a transporter.
 28845 | Abyss:4  | Found a transporter.
 29020 | Abyss:4  | Paralysed by accursed screaming for 1 turns
 29044 | Abyss:4  | Paralysed by accursed screaming for 1 turns
 29069 | Tomb:3   | Escaped the Abyss
 29071 | Tomb:3   | Noticed a greater mummy
 29080 | Tomb:3   | Noticed an ancient lich
 29081 | Tomb:3   | Noticed a greater mummy
 29081 | Tomb:3   | Noticed a greater mummy
 29083 | Tomb:3   | Noticed a greater mummy
 29084 | Tomb:3   | Noticed a greater mummy
 29085 | Tomb:3   | Killed a greater mummy
 29090 | Tomb:2   | Killed an ancient lich
 29096 | Tomb:2   | Killed a greater mummy
 29143 | Tomb:3   | Found the cursed +14 obsidian axe {chop, +Fly SInv *Curse}
 29143 | Tomb:3   | Found the amulet of the Four Winds {rN+ MR+++ Clar}
 29150 | Tomb:3   | Noticed a greater mummy
 29152 | Tomb:3   | Killed a greater mummy
 29152 | Tomb:3   | Reached skill level 10 in Translocations
 29154 | Tomb:3   | Killed a greater mummy
 29157 | Tomb:3   | Reached XP level 25. HP: 111/241 MP: 13/33
 29158 | Tomb:3   | Killed a greater mummy
 29159 | Tomb:3   | Noticed a greater mummy
 29164 | Tomb:3   | Killed a greater mummy
 29173 | Tomb:3   | Killed a greater mummy
 29180 | Tomb:3   | Noticed a greater mummy
 29190 | Tomb:3   | Reached skill level 15 in Spellcasting
 29193 | Tomb:3   | Killed a greater mummy
 29214 | Tomb:3   | Got a golden rune of Zot
 29255 | Tomb:3   | Identified Quud Xont's Almanac of Companions
 29325 | Tomb:3   | Identified the Almanac of Assistive Summoning
 29332 | Tomb:3   | Identified Kunotaka's Volume of Spatial Battle Magic
 29335 | Tomb:3   | Identified the Disquisition on the Freezing Escort
 29338 | Tomb:3   | Identified the +1 leather armour of Disaster {rC+++ Dex+4 Slay-4} (You found it on level 3 of the Tomb of the Ancients)
 29367 | Tomb:3   | Learned a level 1 spell: Apportation
 29376 | Tomb:3   | Learned a level 8 spell: Necromutation
 29385 | Tomb:3   | Learned a level 8 spell: Death's Door
 29885 | D:15     | Found a staircase to the Depths.
 29900 | Depths:1 | Entered Level 1 of the Depths
 29974 | Depths:1 | Found a gateway to a ziggurat.
 30138 | Depths:2 | Found a gateway to Hell.
 30212 | Depths:2 | Reached skill level 15 in Translocations
 30277 | Depths:2 | Found Wuowog's Jewellery Boutique.
 30278 | Depths:2 | Found Ohyneut's Gadget Shoppe.
 30278 | Depths:2 | Found Udastrugogh's Gadget Shoppe.
 30362 | Depths:3 | Identified the +1 robe of the Forgotten Ghosts {+Blink rF- rC+ Str+5} (You found it on level 3 of the Depths)
 30386 | Depths:3 | Found a radiant altar of Vehumet.
 30392 | Depths:3 | Identified the +1 hat of Muttered Phrases {rElec rPois rCorr} (You found it on level 3 of the Depths)
 30394 | Depths:3 | Got a steaming hat
 30405 | Depths:3 | Identified the +1 hat of Distant Shores {rF+ Str+3 Int-3 Dex+2} (You found it on level 3 of the Depths)
 30425 | Depths:3 | Got a slimy robe
 30436 | Depths:3 | Identified the cursed +0 robe "Reikobb" {rPois rN++ Str+4 Int-3} (You found it on level 3 of the Depths)
 30485 | Depths:3 | Found a one-way gate leading to the halls of Pandemonium.
 30506 | Depths:3 | Reached XP level 26. HP: 249/249 MP: 35/35
 30593 | Depths:3 | Identified the cursed +0 plate armour of Sesocs {Int+7 Dex+4} (You found it on level 3 of the Depths)
 30845 | Depths:4 | Found a one-way gate to the infinite horrors of the Abyss.
 30888 | Depths:4 | Noticed a juggernaut
 30897 | Depths:4 | Killed a juggernaut
 30920 | Depths:4 | Thaneod: tez mam maga z ognioburza juz
 30970 | Depths:4 | Thaneod: i zajebista nazwa execa:)
 30970 | Depths:4 | Identified the +2 helmet of Hedge Wizardry {-Tele rN+ rCorr Dex+2} (You acquired it on level 4 of the Depths)
 31081 | Depths:4 | 4thArraOfDagon: no z taka bronia szansa ze cos ugram )
 31299 | Depths:5 | Entered Level 5 of the Depths
 31377 | Depths:5 | Found Usuij's Armour Boutique.
 31559 | Depths:5 | Found Qaik Daw's Armour Shoppe.
 31561 | Depths:5 | Thaneod: znaczy 20 zigów:>?
 31586 | Depths:5 | 4thArraOfDagon: ta xd
 31622 | Depths:5 | Found a gate to the Realm of Zot.
 31651 | Depths:5 | Noticed Mennas
 31679 | Depths:5 | Killed Mennas
 31748 | Depths:5 | Noticed a juggernaut
 31760 | Depths:5 | Killed a juggernaut
 31766 | Depths:5 | Reached XP level 27. HP: 212/256 MP: 36/36
 31860 | Depths:5 | Found Ischeside's Assorted Antiques.
 31866 | Depths:5 | Bought a scroll of identify for 64 gold pieces
 31866 | Depths:5 | Bought a scroll of magic mapping for 112 gold pieces
 31866 | Depths:5 | Bought a scroll of teleportation for 96 gold pieces
 31870 | Depths:5 | Thaneod: dumpa?
 31884 | Depths:5 | 4thArraOfDagon: masz
 31884 | Depths:5 | Thaneod: mam
 31894 | Depths:5 | Learned a level 9 spell: Tornado
 31946 | Zot:1    | Entered Level 1 of the Realm of Zot
 31958 | Zot:1    | 4thArraOfDagon: a to dobra
 31962 | Zot:1    | Thaneod: kurde
 31988 | Zot:1    | Thaneod: itemy jakbys ziga robil z parę razy
 31991 | Zot:1    | Reached skill level 1 in Air Magic
 32000 | Zot:1    | Thaneod: trove, czy wizlab?
 32096 | Zot:1    | p0werm0de: dump plx
 32118 | Zot:1    | 4thArraOfDagon: #
 32118 | Zot:1    | 4thArraOfDagon: #
 32118 | Zot:1    | p0werm0de: thx
 32169 | Zot:1    | Cast into level 3 of the Abyss (black draconian)
 32169 | Abyss:3  | Found a corrupted altar of Lugonu.
 32182 | Abyss:3  | Thaneod: yo
 32197 | Abyss:3  | Thaneod: items like after few zigs:)
 32209 | Abyss:3  | Found a snail-covered altar of Cheibriados.
 32237 | Abyss:3  | Reached skill level 5 in Air Magic
 32259 | Abyss:3  | Got an abyssal rune of Zot
 32273 | Abyss:3  | Paralysed by accursed screaming for 1 turns
 32312 | Zot:1    | Escaped the Abyss
 32668 | Zot:1    | Cast into level 3 of the Abyss (yellow draconian scorcher)
 32695 | Zot:1    | Escaped the Abyss
 32926 | Zot:2    | Reached skill level 10 in Air Magic
 33337 | Zot:5    | Entered Level 5 of the Realm of Zot
 33391 | Zot:4    | 4thArraOfDagon: have to backtrack :9
 33839 | Elf:1    | Bought Mibiudo's Almanac of Unstable Stolen Souls for 1674 gold pieces
 33842 | Elf:1    | Learned a level 2 spell: Sublimation of Blood
 34230 | Depths:1 | Lost mutation: Your body sometimes deteriorates upon taking damage. [potion of mutation]
 34230 | Depths:1 | Lost mutation: Your flesh is heat resistant. (rF+) [potion of mutation]
 34230 | Depths:1 | Gained mutation: You expend magic power (3 MP) to strengthen your wands. [potion of mutation]
 34230 | Depths:1 | Gained mutation: You are frail. (-10% HP) [potion of mutation]
 34230 | Depths:1 | Gained mutation: You occasionally shout uncontrollably at your foes. [potion of mutation]
 34230 | Depths:1 | Gained mutation: Your spells are a little harder to cast, but a little more powerful. [potion of mutation]
 34231 | Depths:1 | Lost mutation: You are frail. (-10% HP) [potion of mutation]
 34231 | Depths:1 | Lost mutation: You expend magic power (3 MP) to strengthen your wands. [potion of mutation]
 34231 | Depths:1 | Lost mutation: You occasionally shout uncontrollably at your foes. [potion of mutation]
 34231 | Depths:1 | Gained mutation: You are robust. (+10% HP) [potion of mutation]
 34231 | Depths:1 | Gained mutation: You have an increased reservoir of magic. (+10% MP) [potion of mutation]
 34234 | Zig:1    | Entered Level 1 of a ziggurat
 34252 | Zig:2    | Entered Level 2 of a ziggurat
 34278 | Zig:3    | Entered Level 3 of a ziggurat
 34298 | Zig:3    | Identified the ring "Morphodix" {+Blink rF++ rN+ Str-2 Stlth-} (You found it on level 3 of a ziggurat)
 34306 | Zig:4    | Entered Level 4 of a ziggurat
 34333 | Zig:4    | Identified the Incunabulum of the Congealing Birds
 34336 | Zig:5    | Entered Level 5 of a ziggurat
 34341 | Zig:5    | Noticed Parily the pandemonium lord
 34357 | Zig:5    | Killed Parily the pandemonium lord
 34370 | Zig:5    | Identified the Catalogue of Enchantment and Aid
 34378 | Zig:6    | Entered Level 6 of a ziggurat
 34387 | Zig:6    | Noticed an ancient lich
 34398 | Zig:6    | Killed an ancient lich
 34398 | Zig:6    | Reached skill level 5 in Necromancy
 34436 | Zig:7    | Entered Level 7 of a ziggurat
 34477 | Zig:8    | Entered Level 8 of a ziggurat
 34522 | Zig:8    | Identified the +7 chain mail "Siynuapo" {Int-3 Dex+10 SInv} (You found it on level 8 of a ziggurat)
 34527 | Zig:9    | Entered Level 9 of a ziggurat
 34556 | Zig:9    | Found the +9 staff of Olgreb {rPois}
 34573 | Zig:10   | Entered Level 10 of a ziggurat
 34604 | Zig:10   | Found the +7 longbow "Piercer" {penet, EV-2}
 34619 | Zig:10   | Identified the +1 pair of gloves of the Armadillo {*Corrode rPois Str+7} (You found it on level 10 of a ziggurat)
 34626 | Zig:11   | Entered Level 11 of a ziggurat
 34660 | Zig:11   | Identified Peech's Papyrus of Stones and the Glacier
 34664 | Zig:12   | Entered Level 12 of a ziggurat
 34715 | Zig:13   | Entered Level 13 of a ziggurat
 34727 | Zig:13   | Found the +10 large shield of Ignorance {rN+ Int-4}
 34740 | Zig:13   | Reached skill level 10 in Necromancy
 34754 | Zig:13   | Identified the +1 pair of boots of the Gate {Str+3} (You acquired it on level 13 of a ziggurat)
 34757 | Zig:13   | Identified the ring "Noqoih" {rCorr rF+} (You found it on level 13 of a ziggurat)
 34758 | Zig:13   | Identified the Compendium of Supportive Unholy Rites
 34766 | Zig:13   | Identified the Guide on Necromancy and Poison
 34769 | Zig:13   | Identified the ring of Yvurr {MR+ MP+9} (You found it on level 13 of a ziggurat)
 34774 | Zig:13   | Identified the +2 chain mail "Zixyxowk" {rElec Dex+2 Stlth-} (You found it on level 13 of a ziggurat)
 34778 | Zig:14   | Entered Level 14 of a ziggurat
 34825 | Zig:14   | Found the +8 whip "Snakebite" {curare, rPois}
 34826 | Zig:14   | Found the +10 Black Knight's horse barding {ponderous, rPois rN+}
 34838 | Zig:14   | Identified the Guide on Ensnaring Earth
 34841 | Zig:15   | Entered Level 15 of a ziggurat
 34872 | Zig:15   | Gained mutation: Armour fits poorly on your strangely shaped body. [a shining eye]
 34967 | Zig:16   | Entered Level 16 of a ziggurat
 35003 | Zig:16   | Reached skill level 5 in Evocations
 35063 | Zig:16   | Identified the +5 plate armour of Jesipt {+Inv Dex+3} (You found it on level 16 of a ziggurat)
 35066 | Zig:16   | Identified Sif Muna's Incunabulum of Excruciating Feathers
 35072 | Zig:16   | Identified the amulet of Fragile Peace {Inacc rElec Str+3 Int+4} (You found it on level 16 of a ziggurat)
 35076 | Zig:17   | Entered Level 17 of a ziggurat
 35130 | Zig:17   | Found the -2 hat of the Alchemist {rElec rPois rF+ rC+ rN+ MR+ rMut rCorr}
 35138 | Zig:17   | Identified the ring "Hovox" {rC+ Slay+4} (You found it on level 17 of a ziggurat)
 35192 | Zig:18   | Entered Level 18 of a ziggurat
 35264 | Zig:18   | Reached skill level 10 in Evocations
 35315 | Zig:18   | Identified the Catalogue of Freezing Clay
 35324 | Zig:19   | Entered Level 19 of a ziggurat
 35338 | Zig:19   | Found the +0 mask of the Dragon {MR+ Slay+3 SInv}
 35338 | Zig:19   | Noticed an ancient lich
 35340 | Zig:19   | Reached skill level 15 in Air Magic
 35340 | Zig:19   | Killed an ancient lich
 35354 | Zig:19   | Identified the +2 pair of boots of Marbles {rC+ MR+} (You found it on level 19 of a ziggurat)
 35367 | Zig:19   | Identified the ring of Onnasmyp {rPois MR+ Str-2 Dex+4} (You found it on level 19 of a ziggurat)
 35376 | Zig:19   | Identified the cursed +0 plate armour of the Dropbear {Int+3 Slay+5} (You found it on level 19 of a ziggurat)
 35392 | Zig:20   | Entered Level 20 of a ziggurat
 35405 | Zig:20   | Noticed a greater mummy
 35405 | Zig:20   | Noticed a greater mummy
 35405 | Zig:20   | Noticed a greater mummy
 35406 | Zig:20   | Noticed a greater mummy
 35406 | Zig:20   | Noticed a greater mummy
 35406 | Zig:20   | Noticed a greater mummy
 35406 | Zig:20   | Noticed a greater mummy
 35406 | Zig:20   | Noticed a greater mummy
 35406 | Zig:20   | Noticed a greater mummy
 35406 | Zig:20   | Noticed a greater mummy
 35406 | Zig:20   | Noticed a greater mummy
 35406 | Zig:20   | Noticed a greater mummy
 35407 | Zig:20   | Found the +8 glaive of the Guard {elec, +Rage AC+5 SInv}
 35408 | Zig:20   | Noticed a greater mummy
 35409 | Zig:20   | Killed a greater mummy
 35409 | Zig:20   | Killed a greater mummy
 35409 | Zig:20   | Killed a greater mummy
 35409 | Zig:20   | Killed a greater mummy
 35409 | Zig:20   | Killed a greater mummy
 35410 | Zig:20   | Killed a greater mummy
 35410 | Zig:20   | Killed a greater mummy
 35410 | Zig:20   | Killed a greater mummy
 35410 | Zig:20   | Killed a greater mummy
 35410 | Zig:20   | Killed a greater mummy
 35410 | Zig:20   | Killed a greater mummy
 35410 | Zig:20   | Killed a greater mummy
 35411 | Zig:20   | Killed a greater mummy
 35447 | Zig:20   | Identified the Almanac of the Fox
 35449 | Zig:20   | Identified the Catalogue of Burning Talismans
 35467 | Zig:20   | Identified the +2 pair of gloves "Goifiz" {+Inv rF+ MR+} (You found it on level 20 of a ziggurat)
 35483 | Zig:20   | Got a steaming plate armour
 35494 | Zig:20   | Identified the +1 plate armour "Okegewne" {rPois MR+ SInv} (You found it on level 20 of a ziggurat)
 35511 | Zig:21   | Entered Level 21 of a ziggurat
 35570 | Zig:21   | Got a fine bronze amulet
 35581 | Zig:21   | Identified the amulet of Moodiness {Inacc rC++ Int+4} (You found it on level 21 of a ziggurat)
 35585 | Zig:21   | Got a vibrating bone ring
 35587 | Zig:21   | Identified the ring "Quugg" {Wiz rC++ Str+5} (You found it on level 21 of a ziggurat)
 35594 | Zig:22   | Entered Level 22 of a ziggurat
 35651 | Zig:22   | Found the +5 demon whip "Spellbinder" {antimagic, MR+}
 35661 | Zig:22   | Identified Fukkisko's Handbook of Clay and Cold
 35676 | Zig:22   | Identified the ring "Ryabbeon" {rCorr Dex+2} (You found it on level 22 of a ziggurat)
 35677 | Zig:22   | Identified the ring "Timiefel" {MR+ MP+9 Int+3} (You found it on level 22 of a ziggurat)
 35692 | Zig:23   | Entered Level 23 of a ziggurat
 35849 | Zig:23   | Found the +5 pair of quick blades "Gyre" and "Gimble" {pierce, Dex-3}
 35861 | Zig:23   | Identified the amulet of Acebbot {Spirit rElec rC+} (You found it on level 23 of a ziggurat)
 35864 | Zig:23   | Got a wizard robe
 35875 | Zig:23   | Identified the +2 robe "Yvef" {MR- rCorr Str+3} (You found it on level 23 of a ziggurat)
 35886 | Zig:23   | Got a warped ruby amulet
 35894 | Zig:24   | Entered Level 24 of a ziggurat
 35906 | Zig:24   | Noticed an ancient lich
 35907 | Zig:24   | Noticed an ancient lich
 35907 | Zig:24   | Noticed an ancient lich
 35909 | Zig:24   | Killed an ancient lich
 35910 | Zig:24   | Killed an ancient lich
 35912 | Zig:24   | Killed an ancient lich
 35945 | Zig:24   | Identified the amulet "Teqo" {Faith Str+2} (You found it on level 23 of a ziggurat)
 35947 | Zig:24   | Identified the Volume of Creation and Transmigration
 35949 | Zig:24   | Identified Xomuag's Papyrus of Icy Heat
 35954 | Zig:24   | Identified Hisib Kynn's Incunabulum of Focus
 35958 | Zig:24   | Identified the Papyrus of Congealing Changing
 35965 | Zig:25   | Entered Level 25 of a ziggurat
 35972 | Zig:25   | Noticed a greater mummy
 35972 | Zig:25   | Noticed a greater mummy
 35973 | Zig:25   | Noticed a greater mummy
 35974 | Zig:25   | Noticed a greater mummy
 35974 | Zig:25   | Noticed a greater mummy
 35974 | Zig:25   | Noticed a greater mummy
 35974 | Zig:25   | Noticed a greater mummy
 35974 | Zig:25   | Noticed a greater mummy
 35974 | Zig:25   | Noticed a greater mummy
 35974 | Zig:25   | Noticed a greater mummy
 35974 | Zig:25   | Noticed a greater mummy
 35974 | Zig:25   | Noticed a greater mummy
 35974 | Zig:25   | Noticed a greater mummy
 35974 | Zig:25   | Noticed a greater mummy
 35974 | Zig:25   | Noticed a greater mummy
 35976 | Zig:25   | Noticed a greater mummy
 35976 | Zig:25   | Noticed a greater mummy
 35977 | Zig:25   | Noticed a greater mummy
 35977 | Zig:25   | Noticed a greater mummy
 35977 | Zig:25   | Killed a greater mummy
 35977 | Zig:25   | Killed a greater mummy
 35977 | Zig:25   | Killed a greater mummy
 35977 | Zig:25   | Killed a greater mummy
 35977 | Zig:25   | Killed a greater mummy
 35977 | Zig:25   | Killed a greater mummy
 35977 | Zig:25   | Killed a greater mummy
 35977 | Zig:25   | Killed a greater mummy
 35977 | Zig:25   | Killed a greater mummy
 35978 | Zig:25   | Killed a greater mummy
 35978 | Zig:25   | Killed a greater mummy
 35978 | Zig:25   | Killed a greater mummy
 35978 | Zig:25   | Killed a greater mummy
 35978 | Zig:25   | Killed a greater mummy
 35978 | Zig:25   | Killed a greater mummy
 35979 | Zig:25   | Killed a greater mummy
 35979 | Zig:25   | Killed a greater mummy
 35979 | Zig:25   | Killed a greater mummy
 35981 | Zig:25   | Killed a greater mummy
 36007 | Zig:25   | Identified the Almanac of Moulding and Stones
 36008 | Zig:25   | Identified the Disquisition on Viperous Translocation
 36030 | Zig:26   | Entered Level 26 of a ziggurat
 36040 | Zig:26   | Noticed an ancient lich
 36041 | Zig:26   | Noticed an ancient lich
 36042 | Zig:26   | Noticed an ancient lich
 36043 | Zig:26   | Noticed an ancient lich
 36046 | Zig:26   | Killed an ancient lich
 36048 | Zig:26   | Noticed an ancient lich
 36049 | Zig:26   | Killed an ancient lich
 36049 | Zig:26   | Killed an ancient lich
 36051 | Zig:26   | Killed an ancient lich
 36057 | Zig:26   | Killed an ancient lich
 36059 | Zig:26   | Noticed an ancient lich
 36067 | Zig:26   | Killed an ancient lich
 36073 | Zig:26   | Found the +27 Lear's hauberk
 36080 | Zig:26   | Identified the Catalogue of Conjuration
 36110 | Zig:27   | Entered Level 27 of a ziggurat
 36200 | Zig:1    | Entered Level 1 of a ziggurat
 36221 | Zig:2    | Entered Level 2 of a ziggurat
 36245 | Zig:3    | Entered Level 3 of a ziggurat
 36263 | Zig:4    | Entered Level 4 of a ziggurat
 36309 | Zig:5    | Entered Level 5 of a ziggurat
 36338 | Zig:5    | Identified the ring "Tucetu" {rPois MR++ Str+4 Dex+2 Stlth+} (You found it on level 5 of a ziggurat)
 36340 | Zig:6    | Entered Level 6 of a ziggurat
 36360 | Zig:6    | Identified the ring of Orafor {rCorr *Corrode rPois rC- Int+8 Dex+3} (You found it on level 6 of a ziggurat)
 36363 | Zig:7    | Entered Level 7 of a ziggurat
 36370 | Zig:7    | Noticed Xosof the pandemonium lord
 36378 | Zig:7    | Killed Xosof the pandemonium lord
 36388 | Zig:7    | Identified Puino's Further Steps in Sorcery
 36399 | Zig:7    | Identified Jiulax's Compendium of Feathers and Shape Shifting
 36410 | Zig:8    | Entered Level 8 of a ziggurat
 36415 | Zig:8    | Noticed Reot the pandemonium lord
 36417 | Zig:8    | Noticed Waymuiblo the pandemonium lord
 36419 | Zig:8    | Noticed Jaumuc the pandemonium lord
 36437 | Zig:8    | Killed Reot the pandemonium lord
 36437 | Zig:8    | Killed Waymuiblo the pandemonium lord
 36441 | Zig:8    | Killed Jaumuc the pandemonium lord
 36441 | Zig:8    | Reached skill level 15 in Evocations
 36460 | Zig:8    | Identified the cursed +0 shield "Poet" {Int+3} (You found it on level 8 of a ziggurat)
 36480 | Zig:9    | Entered Level 9 of a ziggurat
 36512 | Zig:9    | Found the +2 hat of the Bear Spirit {Spirit, +Rage rN+ MR++}
 36525 | Zig:9    | Identified the +2 pair of boots of the Desolation of Salt {MP+9 Int+4 SInv Stlth+} (You found it on level 9 of a ziggurat)
 36548 | Zig:10   | Entered Level 10 of a ziggurat
 36556 | Zig:10   | Found the +3 Elemental Staff {rElec rF++ rC++ MR++ AC+5}
 36578 | Zig:10   | Identified Nodeif's Handbook of Helpful Stones
 36595 | Zig:11   | Entered Level 11 of a ziggurat
 36603 | Zig:11   | Noticed an ancient lich
 36604 | Zig:11   | Found the brooch of Shielding {Reflect SH+8}
 36604 | Zig:11   | Noticed an ancient lich
 36604 | Zig:11   | Noticed an ancient lich
 36607 | Zig:11   | Killed an ancient lich
 36607 | Zig:11   | Killed an ancient lich
 36609 | Zig:11   | Killed an ancient lich
 36609 | Zig:11   | Reached skill level 15 in Armour
 36631 | Zig:11   | Identified the Volume of Ensnaring Clay
 36639 | Zig:11   | Identified the +1 robe of Limitation {Stlth+} (You found it on level 11 of a ziggurat)
 36641 | Zig:11   | Identified the ring of Maon {Wiz rElec Slay+2} (You found it on level 11 of a ziggurat)
 36646 | Zig:12   | Entered Level 12 of a ziggurat
 36679 | Zig:12   | Identified the +1 leather armour "Wach" {MR+} (You found it on level 12 of a ziggurat)
 36684 | Zig:12   | Identified the +1 plate armour "Zehec" {MR- Dex+4 SInv} (You found it on level 12 of a ziggurat)
 36692 | Zig:13   | Entered Level 13 of a ziggurat
 36697 | Zig:13   | Noticed an ancient lich
 36699 | Zig:13   | Noticed an ancient lich
 36703 | Zig:13   | Killed an ancient lich
 36705 | Zig:13   | Killed an ancient lich
 36727 | Zig:13   | Identified Sif Muna's Almanac of Hurtful Good Luck
 36747 | Zig:13   | Got a fine ring mail
 36759 | Zig:13   | Identified the cursed +0 ring mail "Mumn" {MR+ rCorr} (You found it on level 13 of a ziggurat)
 36770 | Zig:13   | Got a translucent ring mail
 36776 | Zig:13   | Identified the +4 ring mail of Pessimism {*Drain rC++ rCorr Int+4} (You found it on level 13 of a ziggurat)
 36782 | Zig:14   | Entered Level 14 of a ziggurat
 36788 | Zig:14   | Noticed Qalolen the pandemonium lord
 36788 | Zig:14   | Noticed Semehe the pandemonium lord
 36788 | Zig:14   | Noticed Uzeng the pandemonium lord
 36789 | Zig:14   | Noticed Gecun the pandemonium lord
 36789 | Zig:14   | Noticed Vah Tant the pandemonium lord
 36793 | Zig:14   | Noticed Veoxtuatt the pandemonium lord
 36793 | Zig:14   | Noticed Omeovolu the pandemonium lord
 36793 | Zig:14   | Killed Semehe the pandemonium lord
 36802 | Zig:14   | HP: 2/374 [Qalolen the pandemonium lord (35)]
 36802 | Zig:14   | Slain by Qalolen the pandemonium lord

Vault maps used:
D:1:      mushboom_english_gardens, minmay_misc_feat_nine_boxes,
          serial_bayou_pond_a, minivault_23
D:2:      uniq_jessica
D:3:      first_ration, okawaru_trees_2
D:4:      cheibrodos_pilgrimage
D:5:      uniq_duvessa
D:6:      kennysheep_generic_room_14, uniq_eustachio, uniq_crazy_yiuf_cottage
D:7:      minmay_temple_entry_glassed_door, uniq_menkaure, uniq_joseph
D:8:      nemelex_xobeh_ov_fountains_minmay, serial_shops, shop_fountains,
          lemuel_mausoleum_altar_kikubaaqudgha
D:9:      enter_bailey_2
D:10:     wad_river_or_something, orc_0_dummy, hangedman_ranch
D:11:     minmay_lair_entry_lava
D:13:     uniq_maurice
D:14:     minmay_ice_pillars, david_vaults_5, grunt_decor_arrowhead,
          uniq_roxanne
D:15:     gammafunk_enter_depths_forms, basic_altar, serial_shops, shop,
          nicolae_shop_overgrown_old_shop, nicolae_shop_trees, shop_fountains,
          nicolae_shop_window_shopping
Temple:   compressed_dpeg_triangle_lava_temple
Lair:1:   portal_ice_cave_entry_pillars_2
Lair:2:   spider_nest_entry_webs, uniq_sonja
Lair:3:   basic_altar, infiniplex_staircase_pool_2
Lair:4:   minmay_shoals_entry_centaurs
Lair:5:   basic_altar, beast_lair_carwin_1, grunt_megastairs_1, uniq_snorg
Lair:6:   grunt_lair_end_beastmaster, dpeg_slime_entry_enclosed_altar,
          minmay_lair_oklob_bushes
Shoals:1: cheibrodos_shoals_oceanic_diplomacy, uniq_aizul
Shoals:2: uniq_polyphemus
Shoals:3: nicolae_shoals_island_circles, uniq_ilsuiw
Shoals:4: shoals_end_hangedman, shoals_ilsuiw_alternative,
          nicolae_shoals_cliffside_cave, nicolae_shoals_drake_roost, uniq_louise
Spider:1: cheibrodos_spider_silkery, spider_trap, uniq_kirke, uniq_agnes,
          uniq_donald
Spider:2: uniq_arachne
Spider:3: hangedman_creepy_crawlies
Spider:4: grunt_spider_rune_circles, spider_trap, nicolae_crawler_farm,
          uniq_asterion
Slime:3:  cheibrodos_slime_lost_civilization_4
Orc:2:    st_orc_open, nicolae_orc_lava_tube
Elf:1:    nicolae_trove_entry_columns, serial_shops, nicolae_shop_crystal,
          nicolae_shop_behind_doors, shop_statue, shop,
          nicolae_shop_behind_doors, evilmike_minifort, uniq_frances,
          uniq_nikola
Elf:2:    sword_in_stone, uniq_azrael
Elf:3:    grunt_elf_hall_asides, serial_shops, shop
Vaults:1: hangedman_vaults_unwind, nicolae_vaults_halls_meeting,
          vaults_dpeg_doors, ontoclasm_vaults_ligature, dpeg_vaults_monster_box,
          ontoclasm_vaults_loading_screen, vaults_room_fours, v_rooms_6,
          serial_shops, nicolae_shop_temple_entry_statues_fountains
Vaults:2: nicolae_vaults_quartermaster, vaults_mumra_chevron_long, v_misc_3,
          hangedman_vaults_restitches, vaults_room_corners, v_pattern_2,
          v_misc_29, v_misc_3, ontoclasm_vaults_tryst, v_misc_22,
          vaults_mumra_chevron, serial_shops, shop, uniq_boris
Vaults:3: nicolae_vaults_network_star, st_eye, minmay_crypt_entry_necro_gods,
          nicolae_vaults_inception_scallops, ontoclasm_vaults_ring_large,
          nicolae_vaults_little_squares_6, v_misc_29, grunt_vaults_hallway_long,
          ontoclasm_vaults_gateway, v_misc_13, mu_enter_wizlab_4, uniq_jory
Vaults:4: hangedman_vaults_hat, v_misc_13, nicolae_vaults_ring_of_whatevers,
          vaults_room_grid, ontoclasm_vaults_hangar, hangedman_vaults_stitches,
          hangedman_vaults_locks, vaults_room_large_hall,
          vaults_room_fancy_cross, hangedman_vaults_maws, v_misc_3
Crypt:1:  grunt_crypt_arrival_split, uniq_bai_suzhen
Crypt:2:  glass_columns_b
Crypt:3:  church_of_pain_bobbens, tomb_entry_forgotten_bobbens, uniq_khufu,
          uniq_margery
Tomb:1:   uniq_mara
Depths:1: enter_ziggurat_a, serial_sigils_hangedman_carve,
          hangedman_tar_grid_catacomb, kennysheep_generic_room_12,
          minmay_shop_star
Depths:2: kennysheep_cluttered_fort, grunt_mini_vestibule, hex_tiny, pan_entry,
          kilobyte_mutagenic_chamber, basic_stair_grate_trap, minmay_shop_grove,
          firewood_loft, infiniplex_staircase_trident
Depths:3: hangedman_arch_fort, rand_demon_pan_entry_3, pf_coc_iceberg,
          infiniplex_staircase_pillars_1, grunt_tower_of_power
Depths:4: minmay_bad_star, special_room, serial_bayou, serial_bayou_crossing,
          serial_bayou_lagoon_a, serial_bayou_pond_c, serial_bayou_lake_a,
          serial_bayou_pond_a, hell_entry, abyss_entry, spider_trap,
          minmay_librarian
Depths:5: grunt_crosshair, hell_entry, serial_shops, nicolae_shop_stone,
          nicolae_shop_stone, shop, shop, abandoned_shop, uniq_mennas,
          uniq_enchantress
Zot:2:    st_large_dragon_hoard_3
Abyss:3:  minivault_26, nicolae_abyss_rune_star_stuff
Abyss:4:  gammafunk_corrupted_shrine
Zig:5:    ziggurat_pillar_centre_c
Zig:6:    ziggurat_pillar_centre_smoke
Zig:9:    ziggurat_pillar_centre_oklobs
Zig:11:   ziggurat_pillar_centre_dead_trees
Trove:    trove_simple
Bailey:   bailey_axe_2, bailey
IceCv:    ice_cave_statue_garden_chambered
WizLab:   wizlab_lehudib

Skill      XL: |  1  2  3  4  5  6  7  8  9 10 11 12 13 14 15 16 17 18 19 20 21 22 23 24 25 26 27 |
---------------+----------------------------------------------------------------------------------+-----
Fighting       | 1 2 3 4 5 6 7 8 9 10 13 14 15 16 17 18 | 18.4
Spellcasting   | 5 6 8 10 11 12 13 14 16 17 25 | 25.3
Axes           | 2 3 4 5 7 9 11 12 14 18 20 22 24 25 26 | 26.0
Invocations    | 1 3 5 6 |  6.1
Dodging        | 1 2 4 5 7 8 10 | 10.1
Armour         | 1 2 4 5 7 8 10 20 | 20.1
Earth Magic    | 4 6 11 14 15 18 20 23 25 26 | 26.0
Transmutations | 6 7 |  7.3
Translocations | 10 16 20 | 20.1
Air Magic      | 22 | 22.5
Necromancy     | 10 | 10.0
Evocations     | 18 | 18.3
Throwing       | |  1.0
Charms         | |  1.0

Action                   |  1- 3 |  4- 6 |  7- 9 | 10-12 | 13-15 | 16-18 | 19-21 | 22-24 | 25-27 || total
-------------------------+-------+-------+-------+-------+-------+-------+-------+-------+-------++-------
Melee: Unarmed           |    23 |     3 |       |       |       |       |       |       |       ||    26
       Flail             |       |    21 |       |       |       |       |       |       |       ||    21
       War axe           |       |   179 |   371 |   746 |   507 |       |       |       |       ||  1803
       Hand axe          |       |       |       |    14 |     9 |       |       |       |       ||    23
       Executioner's axe |       |       |       |       |   580 |  1393 |  1193 |   991 |  1931 ||  6088
 Fire: Blowgun           |    28 |       |       |       |       |       |       |       |       ||    28
 Cast: Flame Tongue      |     5 |    14 |       |       |       |       |       |       |       ||    19
       Conjure Flame     |       |     1 |       |       |       |       |       |       |       ||     1
       Statue Form       |       |       |       |       |       |    13 |    43 |    41 |    92 ||   189
       Lee's Rapid Decon |       |       |       |       |       |       |       |     7 |       ||     7
       Shatter           |       |       |       |       |       |       |       |    16 |   101 ||   117
       Apportation       |       |       |       |       |       |       |       |       |    23 ||    23
       Tornado           |       |       |       |       |       |       |       |       |    19 ||    19
       Sublimation of Bl |       |       |       |       |       |       |       |       |     4 ||     4
       Controlled Blink  |       |       |       |       |       |       |       |       |     2 ||     2
Invok: Minor Destruction |       |       |     2 |    10 |     2 |     6 |       |       |       ||    20
       Lesser Servant of |       |       |     1 |    13 |    17 |     2 |     2 |     2 |       ||    37
       Major Destruction |       |       |       |     2 |    10 |    25 |    14 |       |       ||    51
       Greater Servant o |       |       |       |       |     4 |     1 |     2 |       |     1 ||     8
 Abil: Heal Wounds       |     1 |     8 |    11 |       |     2 |     3 |       |       |       ||    25
       End Transformatio |       |       |       |       |       |     1 |     7 |     6 |     6 ||    20
Evoke: Wand              |       |     5 |     6 |     6 |     5 |    24 |    24 |       |    10 ||    80
       Sack of spiders   |       |       |       |       |       |       |     1 |       |       ||     1
       Lightning rod     |       |       |       |       |       |       |       |       |     4 ||     4
       Figurine of a zig |       |       |       |       |       |       |       |       |     1 ||     1
  Use: Potion            |     1 |     1 |     4 |    10 |    13 |    21 |     8 |       |    14 ||    72
       Scroll            |       |     6 |     6 |     7 |    21 |     9 |     8 |    10 |    48 ||   115
 Stab: Distracted        |       |       |       |     3 |    13 |     2 |     3 |     1 |     1 ||    23
       Paralysed         |       |       |       |     2 |     2 |       |    12 |       |       ||    16
       Invisible         |       |       |       |       |    47 |     7 |       |       |     3 ||    57
       Petrified         |       |       |       |       |     5 |       |       |       |       ||     5
       Sleeping          |       |       |       |       |       |       |     1 |     2 |     3 ||     6
       Confused          |       |       |       |       |       |       |       |       |     8 ||     8
  Eat: Chunk             |       |     3 |     7 |    11 |    17 |    22 |    23 |     2 |    31 ||   116
       Ration            |       |     1 |     1 |     4 |     2 |     2 |     5 |    13 |    16 ||    44
Armor: Skin              |    33 |     1 |       |       |       |   196 |   674 |  1062 |  2669 ||  4635
       Robe              |       |     2 |       |       |       |    13 |    14 |       |       ||    29
       Leather armour    |       |     3 |       |       |       |       |       |       |       ||     3
       Ring mail         |       |    52 |    41 |       |       |       |       |       |       ||    93
       Plate armour      |       |       |   217 |    44 |   556 |   761 |       |       |       ||  1578
       Chain mail        |       |       |       |   389 |    62 |       |    78 |    65 |   236 ||   830
Dodge: Dodged            |    23 |   128 |   167 |   444 |   721 |  1434 |  1839 |  1720 |  3590 || 10066

Table legend:
 A = Spawn XP
 B = Non-spawn XP
 C = Spawn XP percentage of total XP
 D = Spawn monster count
 E = Non-spawn monster count
 F = Spawn count percentage of total count
 G = Total turns spent on level
                    A         B        C        D         E        F      G
               +---------+---------+-------+---------+---------+-------+---------
         Total |   24337 | 3160267 |   0.8 |      53 |    3919 |   1.3 | 36802
               +---------+---------+-------+---------+---------+-------+---------
           D:1 |       0 |      37 |   0.0 |       0 |      23 |   0.0 |   793
           D:2 |       0 |      76 |   0.0 |       0 |      12 |   0.0 |   735
           D:3 |       0 |      81 |   0.0 |       0 |      13 |   0.0 |   751
           D:4 |       0 |     740 |   0.0 |       0 |      32 |   0.0 |   726
           D:5 |       0 |     729 |   0.0 |       0 |      26 |   0.0 |   564
           D:6 |       0 |     880 |   0.0 |       0 |      16 |   0.0 |   903
           D:7 |       0 |    1556 |   0.0 |       0 |      25 |   0.0 |   645
           D:8 |       0 |    1542 |   0.0 |       0 |      25 |   0.0 |   633
           D:9 |       0 |    2043 |   0.0 |       0 |      25 |   0.0 |   402
          D:10 |       0 |   10826 |   0.0 |       0 |      66 |   0.0 |  1075
          D:11 |       0 |    3439 |   0.0 |       0 |      33 |   0.0 |   810
          D:12 |       0 |    4962 |   0.0 |       0 |      28 |   0.0 |   468
          D:13 |       0 |    4363 |   0.0 |       0 |      13 |   0.0 |   669
          D:14 |       0 |   10869 |   0.0 |       0 |      36 |   0.0 |   954
          D:15 |       0 |   10306 |   0.0 |       0 |      32 |   0.0 |   961
        Lair:1 |       0 |    1594 |   0.0 |       0 |       7 |   0.0 |   330
        Lair:2 |       0 |    7549 |   0.0 |       0 |      27 |   0.0 |   658
        Lair:3 |       0 |    6750 |   0.0 |       0 |      28 |   0.0 |   510
        Lair:4 |       0 |    9185 |   0.0 |       0 |      31 |   0.0 |   427
        Lair:5 |       0 |   14558 |   0.0 |       0 |      44 |   0.0 |   574
        Lair:6 |       0 |   29313 |   0.0 |       0 |      78 |   0.0 |   805
      Shoals:1 |       0 |   18320 |   0.0 |       0 |      33 |   0.0 |   510
      Shoals:2 |       0 |   19047 |   0.0 |       0 |      37 |   0.0 |   499
      Shoals:3 |       0 |   34811 |   0.0 |       0 |      66 |   0.0 |   695
      Shoals:4 |       0 |   39412 |   0.0 |       0 |      59 |   0.0 |   939
      Spider:1 |       0 |   25533 |   0.0 |       0 |      75 |   0.0 |   451
      Spider:2 |       0 |   19484 |   0.0 |       0 |      43 |   0.0 |   434
      Spider:3 |       0 |   17533 |   0.0 |       0 |      44 |   0.0 |   395
      Spider:4 |       0 |   39016 |   0.0 |       0 |      81 |   0.0 |   538
       Slime:1 |       0 |   18406 |   0.0 |       0 |      40 |   0.0 |    83
       Slime:2 |       0 |   15091 |   0.0 |       0 |      28 |   0.0 |   106
       Slime:3 |       0 |   22133 |   0.0 |       0 |      33 |   0.0 |   161
       Slime:4 |       0 |   13848 |   0.0 |       0 |      30 |   0.0 |   170
       Slime:5 |       0 |   43710 |   0.0 |       0 |      30 |   0.0 |   461
         Orc:1 |       0 |    4838 |   0.0 |       0 |      69 |   0.0 |   593
         Orc:2 |       0 |   21938 |   0.0 |       0 |      88 |   0.0 |   611
         Elf:1 |       0 |   20435 |   0.0 |       0 |      38 |   0.0 |  1435
         Elf:2 |       0 |   19099 |   0.0 |       0 |      28 |   0.0 |   573
         Elf:3 |       0 |   55274 |   0.0 |       0 |      52 |   0.0 |  1276
      Vaults:1 |       0 |    4723 |   0.0 |       0 |      11 |   0.0 |   191
      Vaults:2 |       0 |   17767 |   0.0 |       0 |      25 |   0.0 |   219
      Vaults:3 |       0 |   51171 |   0.0 |       0 |      58 |   0.0 |   489
      Vaults:4 |       0 |   34836 |   0.0 |       0 |      72 |   0.0 |   479
      Vaults:5 |       0 |  125116 |   0.0 |       0 |     110 |   0.0 |   861
       Crypt:1 |       0 |   43502 |   0.0 |       0 |      46 |   0.0 |   297
       Crypt:2 |       0 |   13964 |   0.0 |       0 |      16 |   0.0 |   281
       Crypt:3 |       0 |   57393 |   0.0 |       0 |      83 |   0.0 |   513
        Tomb:1 |       0 |   48790 |   0.0 |       0 |      55 |   0.0 |   582
        Tomb:2 |       0 |   62292 |   0.0 |       0 |      69 |   0.0 |   371
        Tomb:3 |       0 |  106975 |   0.0 |       0 |     110 |   0.0 |   279
      Depths:1 |       0 |   50211 |   0.0 |       0 |      69 |   0.0 |   279
      Depths:2 |       0 |   22134 |   0.0 |       0 |      32 |   0.0 |   348
      Depths:3 |       0 |   64438 |   0.0 |       0 |      66 |   0.0 |   473
      Depths:4 |       0 |   96325 |   0.0 |       0 |      76 |   0.0 |   672
      Depths:5 |       0 |   76790 |   0.0 |       0 |      58 |   0.0 |   697
         Zot:1 |     253 |   60883 |   0.4 |       1 |      45 |   2.2 |   467
         Zot:2 |       0 |   74304 |   0.0 |       0 |      40 |   0.0 |   380
         Zot:3 |       0 |   18589 |   0.0 |       0 |      13 |   0.0 |   165
         Zot:4 |       0 |   21615 |   0.0 |       0 |      15 |   0.0 |   333
         Zot:5 |       0 |    1747 |   0.0 |       0 |       2 |   0.0 |    26
       Abyss:3 |   17488 |   28267 |  38.2 |      28 |      69 |  28.9 |   170
       Abyss:4 |    6596 |   17888 |  26.9 |      24 |      38 |  38.7 |   272
         Zig:1 |       0 |    3712 |   0.0 |       0 |       5 |   0.0 |    39
         Zig:2 |       0 |    4738 |   0.0 |       0 |       8 |   0.0 |    50
         Zig:3 |       0 |    8973 |   0.0 |       0 |      10 |   0.0 |    46
         Zig:4 |       0 |   14717 |   0.0 |       0 |      15 |   0.0 |    76
         Zig:5 |       0 |   23285 |   0.0 |       0 |      16 |   0.0 |    73
         Zig:6 |       0 |   30097 |   0.0 |       0 |      24 |   0.0 |    81
         Zig:7 |       0 |   27162 |   0.0 |       0 |      25 |   0.0 |    88
         Zig:8 |       0 |   40529 |   0.0 |       0 |      35 |   0.0 |   120
         Zig:9 |       0 |   37018 |   0.0 |       0 |      60 |   0.0 |   114
        Zig:10 |       0 |   38282 |   0.0 |       0 |      54 |   0.0 |   100
        Zig:11 |       0 |   68720 |   0.0 |       0 |      48 |   0.0 |    89
        Zig:12 |       0 |   55232 |   0.0 |       0 |      52 |   0.0 |    97
        Zig:13 |       0 |   87358 |   0.0 |       0 |      47 |   0.0 |   153
        Zig:14 |       0 |   40670 |   0.0 |       0 |      47 |   0.0 |    83
        Zig:15 |       0 |   31475 |   0.0 |       0 |      27 |   0.0 |   126
        Zig:16 |       0 |   33821 |   0.0 |       0 |      56 |   0.0 |   109
        Zig:17 |       0 |   44807 |   0.0 |       0 |      36 |   0.0 |   116
        Zig:18 |       0 |   37106 |   0.0 |       0 |      34 |   0.0 |   132
        Zig:19 |       0 |   68532 |   0.0 |       0 |      36 |   0.0 |    68
        Zig:20 |       0 |  102781 |   0.0 |       0 |      64 |   0.0 |   119
        Zig:21 |       0 |   61861 |   0.0 |       0 |      40 |   0.0 |    83
        Zig:22 |       0 |   44148 |   0.0 |       0 |      56 |   0.0 |    98
        Zig:23 |       0 |   86420 |   0.0 |       0 |      58 |   0.0 |   202
        Zig:24 |       0 |   97507 |   0.0 |       0 |      55 |   0.0 |    71
        Zig:25 |       0 |  151270 |   0.0 |       0 |      99 |   0.0 |    65
        Zig:26 |       0 |  136859 |   0.0 |       0 |      58 |   0.0 |    80
        Zig:27 |       0 |   65962 |   0.0 |       0 |      96 |   0.0 |    83
        Bailey |       0 |     320 |   0.0 |       0 |      34 |   0.0 |   213
         IceCv |       0 |    2982 |   0.0 |       0 |      11 |   0.0 |   150
        WizLab |       0 |   44877 |   0.0 |       0 |      41 |   0.0 |   603
               +---------+---------+-------+---------+---------+-------+---------
